 Dungeon Crawl Stone Soup version 0.31-a0-1458-g2f8d4710b4 (webtiles) character file.

Game seed: 12263996117100409468

1650336 NoAnimeNoLife the Skinwalker (level 25, 154/154 HPs)
             Began as a Felid Chaos Knight on Dec 28, 2023.
             Was a Favourite Plaything of Xom.
             Escaped with the Orb
             ... and 3 runes!
             The game lasted 03:06:43 (67356 turns).

NoAnimeNoLife the Skinwalker (Felid Chaos Knight)  Turns: 67356, Time: 03:06:44

Health: 154/154    AC: 13    Str:  7    XL:     25   Next: 17%
Magic:  24/24      EV: 72    Int: 14    God:    Xom [*.....]
Gold:   261        SH:  0    Dex: 29    Spells: 24/24 levels left
                                        Lives:  2   Deaths: 7

rFire   + .          .
                       - Unarmed
rCold   + + .        (shield unavailable)
rNeg    + . .        (body armour unavailable)
rPois   ∞            (helmet unavailable)
rElec   +            (cloak unavailable)
rCorr   +            (gloves unavailable)
SInv    +            (boots unavailable)
Will    +++..        H - amulet "Zuriy" {^Contam +Blink Regen+ rCorr}
Stlth   +++          q - ring "Hoacsiatt" {rPois rF+}
HPRegen 1.25/turn    Q - ring "Deegal" {rElec rC++ rN+ Slay+3 Stlth+}
MPRegen 0.19/turn

%: clarity
@: storm-form, flying, studying Dodging
A: cleaving, insubstantial, flying, very small, (claws 1), (fangs 3), see
invisible, (shaggy fur 3), (stealthy paws), no weapons or thrown items, no
armour, multi-lived, (iridescent scales 1), agile 1, clarity, dopey 1, sense
surroundings 3, (poison resistance), weak 1, evolution 1, (heat vulnerability 1)
0: Orb of Zot
}: 3/15 runes: decaying, serpentine, silver
a: Blinkbolt, Begin Untransformation, Renounce Religion, Evoke Blink


You escaped.
You worshipped Xom.
You were a special plaything of Xom.
You were a lightning-filled tempest!
You visited 8 branches of the dungeon, and saw 44 of its levels.
You visited 1 bazaar.
You also visited: Bailey, Gauntlet and Ice Cave.

You collected 9736 gold pieces.
You spent 9475 gold pieces at shops.

Inventory:

Jewellery
 c - a +6 ring of dexterity
 i - an amulet of reflection
 k - the amulet of the Queen {rN+ Regen+ Str+3 Int-4 Stlth+}
   (You took it off a tengu warrior on level 4 of the Depths)

   [amulet of regeneration]

   Str+3:     It affects your strength (+3).
   Int-4:     It affects your intelligence (-4).
   rN+:       It protects you from negative energy.
   Regen+:    It increases your rate of health regeneration.
   Stlth+:    It makes you more stealthy.
 m - a +5 ring of evasion
 q - the ring "Hoacsiatt" (left paw) {rPois rF+}
   (You acquired it on level 7 of the Dungeon)

   [ring of protection from fire]

   rF+:       It protects you from fire.
   rPois:     It protects you from poison
 t - a ring of resist corrosion
 H - the amulet "Zuriy" (around neck) {^Contam +Blink Regen+ rCorr}
   (Xom gifted it to you on level 3 of the Lair of Beasts)

   [amulet of regeneration]

   +Blink:    It lets you blink.
   ^Contam:   It causes magical contamination when unequipped.
   Regen+:    It increases your rate of health regeneration.
   rCorr:     It protects you from acid and corrosion.
 I - an amulet of faith
 P - a ring of protection from fire
 Q - the ring "Deegal" (right paw) {rElec rC++ rN+ Slay+3 Stlth+}
   (You bought it in a shop on level 2 of the Depths)

   [ring of positive energy]

   Slay+3:    It affects your accuracy & damage with ranged weapons and melee
   (+3).
   rC++:      It greatly protects you from cold.
   rElec:     It insulates you from electricity.
   rN+:       It protects you from negative energy.
   Stlth+:    It makes you more stealthy.
 T - a ring of protection from cold
 Y - the ring "Joqehimu" {Will++ EV+5}
   (You bought it in a shop on level 2 of the Depths)

   [ring of evasion]

   EV+5:      It affects your evasion (+5).
   Will++:    It greatly increases your willpower.
Talismans
 n - a storm talisman (active)
 o - a talisman of death
 J - a dragon-blood talisman
Wands
 b - a wand of digging (11) {@v3}
 g - a wand of mindburst (13)
 u - a wand of paralysis (14)
 y - a wand of polymorph (45)
 F - a wand of flame (24)
 M - a wand of iceblast (1) {@v2}
Scrolls
 e - a scroll of torment
 p - 12 scrolls of amnesia
 r - 7 scrolls of noise
 s - 2 scrolls of immolation
 v - 5 scrolls of vulnerability
 x - 8 scrolls of identify {@r1}
 E - a scroll of revelation {@r4}
 V - 3 scrolls of poison
Potions
 a - 3 potions of curing {@q1}
 d - 4 potions of mutation
 f - 11 potions of degeneration
 h - 5 potions of enlightenment
 j - a potion of berserk rage
 l - 5 potions of magic
 w - 4 potions of lignification
 z - 6 potions of attraction
 D - 8 potions of brilliance
Miscellaneous
 C - a tin of tremorstones (2/2)


   Skills:
 - Level 23.0 Fighting
 + Level 23.6 Dodging
 - Level 19.5 Stealth
 - Level 22.8 Unarmed Combat
 - Level 14.7 Evocations
 - Level 25.1 Shapeshifting


You had 24 spell levels left.
You didn't know any spells.
Your spell library contained the following spells:

 Spells                   Type           Power      Damage    Failure   Level
 Freeze                   Ice            0%         1d3       28%         1
 Magic Dart               Conj           0%         1d3       28%         1
 Sandblast                Erth           0%         2d4       28%         1
 Shock                    Conj/Air       0%         1d3       28%         1
 Slow                     Hex            0%         N/A       28%         1
 Summon Small Mammal      Summ           0%         N/A       28%         1
 Call Imp                 Summ           0%         N/A       41%         2
 Cigotuvi's Dreadful Rot  Necr/Alch/Air  0%         N/A       41%         2
 Jinxbite                 Hex            0%         N/A       41%         2
 Lesser Beckoning         Tloc           0%         N/A       41%         2
 Searing Ray              Conj           0%         2d4       41%         2
 Static Discharge         Conj/Air       0%         3-3/arc   41%         2
 Call Canine Familiar     Summ           0%         N/A       65%         3
 Confusing Touch          Hex            0%         N/A       65%         3
 Dazzling Flash           Conj/Hex       0%         N/A       65%         3
 Frozen Ramparts          Ice            0%         1d1       65%         3
 Gell's Gravitas          Tloc           0%         N/A       65%         3
 Hailstorm                Conj/Ice       0%         3d5       65%         3
 Mephitic Cloud           Conj/Alch/Air  0%         N/A       65%         3
 Sigil of Binding         Hex            0%         N/A       65%         3
 Stone Arrow              Conj/Erth      0%         3d7       65%         3
 Summon Ice Beast         Ice/Summ       0%         N/A       65%         3
 Teleport Other           Tloc           0%         N/A       65%         3
 Vampiric Draining        Necr           0%         2d6       65%         3
 Airstrike                Air            0%         2d(0-16)  96%         4
 Anguish                  Hex/Necr       0%         N/A       96%         4
 Animate Dead             Necr           0%         N/A       96%         4
 Brom's Barrelling Bould  Conj/Erth      0%         2d3       96%         4
 Dispel Undead            Necr           0%         3d6       96%         4
 Fulminant Prism          Conj/Alch      0%         3d5       96%         4
 Leda's Liquefaction      Alch/Erth      0%         N/A       96%         4
 Manifold Assault         Tloc           0%         N/A       96%         4
 Martyr's Knell           Necr/Summ      0%         N/A       96%         4
 Summon Blazeheart Golem  Fire/Summ      0%         N/A       96%         4
 Summon Lightning Spire   Summ/Air       0%         N/A       96%         4
 Alistair's Intoxication  Alch           0%         N/A       100%        5
 Borgnjor's Vile Clutch   Necr/Erth      0%         N/A       100%        5
 Curse of Agony           Necr           0%         N/A       100%        5
 Iskenderun's Battlesphe  Conj           0%         2d6       100%        5
 Silence                  Hex/Air        0%         N/A       100%        5
 Summon Forest            Summ/Tloc      0%         N/A       100%        5
 Summon Mana Viper        Hex/Summ       0%         N/A       100%        5
 Yara's Violent Unravell  Hex/Alch       0%         3d3       100%        5
 Bombard                  Conj/Erth      0%         9d1       100%        6
 Death Channel            Necr           0%         N/A       100%        6
 Dispersal                Tloc           0%         N/A       100%        6
 Eringya's Noxious Bog    Alch           0%         4d6       100%        6
 Plasma Beam              Fire/Air       0%         2x1d10    100%        6
 Summon Cactus Giant      Summ           0%         N/A       100%        6
 Enfeeble                 Hex            0%         N/A       100%        7
 Haunt                    Necr/Summ      0%         N/A       100%        7
 Malign Gateway           Summ/Tloc      0%         N/A       100%        7
 Orb of Destruction       Conj           0%         9d5       100%        7
 Spellforged Servitor     Conj/Summ      0%         N/A       100%        7
 Summon Hydra             Summ           0%         N/A       100%        7
 Disjunction              Tloc           0%         N/A       100%        8
 Infestation              Necr           0%         N/A       100%        8
 Lehudib's Crystal Spear  Conj/Erth      0%         10d2      100%        8
 Summon Horrible Things   Summ           0%         N/A       100%        8
 Shatter                  Erth           0%         3d5*      100%        9
 Sublimation of Blood     Necr           Unusable   N/A       N/A         2
 Animate Armour           Summ/Erth      Unusable   N/A       N/A         4

Dungeon Overview and Level Annotations

Branches:
Dungeon (15/15)            Temple (0/1) D:7            Lair (5/5) D:8
  Swamp (4/4) Lair:2        Snake (4/4) Lair:3        Slime (0/5) Lair:4
    Orc (2/2) D:10            Elf (0/3) Orc:2        Vaults (5/5) D:14
  Crypt (0/3) Vaults:2     Depths (4/4) D:15            Zot (5/5) Depths:4
 Bailey (visited)           IceCv (visited)         Gauntlet (visited)

Altars:
Cheibriados
Dithmenos
Elyvilon
Fedhas
Trog
Uskayaw
Vehumet
Wu Jian
Xom
Yredelemnul
Zin
The Shining One

Shops:
D:9 ::   D:11 *   Orc:2 (*[?   Snake:4 [(*   Vaults:1 (   Vaults:3 :
Depths:2 :=:*

Portals:
Hell: Depths:1 Depths:2 Depths:3 Depths:4
Abyss: Depths:3
Pandemonium: Depths:2 Depths:3
Ziggurat: Depths:4
Trove: Depths:3 (give 7 scrolls of fog)

Annotations:
D:5 2 transporters, leebro123's ghost, novice GrEE
D:13 2 transporters, Ecraohen's ghost, journeyman FoFi
D:15 1 runed translucent door, MainBain's ghost, journeyman MiBe
Vaults:1 1 exclusion
Vaults:5 Mara
Zot:1 1 transporter
Zot:3 Tiamat


Innate Abilities, Weirdness & Mutations

You are a lightning-filled tempest!
Your electrical attacks strike out in all directions at once.
You are incredibly evasive.
Your insubstantial body is immune to petrification, constriction, and being set on fire You are flying.
You are immune to poison.
((You have sharp claws.))
((You have razor-sharp teeth.))
You have supernaturally acute eyesight. (SInv)
((Your thick and shaggy fur keeps you warm. (AC +3, rC+)))
((Your paws help you pounce on unaware monsters.))
You are incapable of wielding weapons or throwing items.
You cannot wear armour.
You gain extra lives every three experience levels.
((You are partially covered in iridescent scales. (AC +2)))
You are agile. (Dex +4, Str/Int -1)
You possess an exceptional clarity of mind.
You are dopey. (Int -2)
You passively map a large area around you.
((Your system is resistant to poisons. (rPois)))
You are weak. (Str -2)
You have hidden genetic potential.
((You are vulnerable to heat. (rF-)))


Message History

You kill the Orb Guardian!
No target in view!
What level of the Dungeon? (default 1, ? - help)
A hell hound comes into view.
The hell hound barks!
A hell hound comes into view.
A hell hound comes into view.
The hell hound barks!
The hell hound misses you. The hell hound completely misses you.
The hell hound breathes flames at you.
The blast of flame hits the hell hound.
The hell hound completely resists.
The blast of flame hits the hell hound.
The hell hound completely resists.
The blast of flame hits you! You resist.
You blast the hell hound!!!
You kill the hell hound!
The hell hound completely misses you. x2
You see here a hell hound corpse.
You completely miss the hell hound.
You buffet the hell hound!
Lightning courses through the hell hound!
You kill the hell hound!
The hell hound breathes flames at you. The blast of flame misses you.
The hell hound completely misses you.
You see here a hell hound corpse.
You batter the hell hound!! You punch the hell hound.
The hell hound is almost dead.
The hell hound completely misses you.
You buffet the hell hound!
You kill the hell hound!
No target in view!
No target in view!
What level of the Dungeon? (default 1, ? - help)
There is a stone staircase leading up here.
You fly upwards.
There is a stone staircase leading down here.
You see here a +0 short sword.
There is a staircase leading out of the dungeon here.
Okay, then.
Okay, then.
You have escaped!

#.##.#####.#.# #.####
#....# ###.#.# #.....
#..)####...#.#####.#.#
#...#......#.#.....#..
#8.8###8.8.#.#.##.....
##.#####.#...#.###.#.#
#.#.#.#.#............
#.......#.##..#####.#
#...v...#.##.## #.#
###......^####.# #.#
#.#.#.#.#.#..#.# #.#
#.#.#####.##.#.# #.#
#.#.# #.##.#.######.#
#.#.# #.##...........
#.#.#####.####.#.######
####.#.......#
#.#.######
#....##########
#.#.#.....


There were no monsters in sight!

Vanquished Creatures
  6 dread liches
  4 orbs of fire
  3 ancient liches
  Mennas (Depths:3)
  Xtahua (Vaults:5)
  Sojobo (Depths:3)
  Parghit (Zot:4)
  3 Killer Klowns (Zot:5)
  5 caustic shrikes
  11 golden dragons
  The ghost of NoAnimeNoLife the Metamorph, a veteran DrSh of Qazlal (Zot:1)
  A pandemonium lord (Zot:5)
  Norris (Vaults:3)
  2 electric golems
  A Brimstone Fiend (D:10)
  3 walking crystal tomes
  19 tentacled monstrosities
  Asterion (Vaults:3)
  An Ice Fiend (D:11)
  24 Orb Guardians
  4 liches
  2 walking earthen tomes (Depths:2)
  3 titans (Vaults:5)
  A walking divine tome (Depths:3)
  4 quicksilver dragons
  8 sphinxes
  12 death cobs
  A thorn hunter (Swamp:3)
  Frances (D:12)
  6 storm dragons
  13 tengu reavers
  6 shadow dragons
  Agnes (D:14)
  A protean progenitor (Zot:5)
  5 draconian monks
  19 frost giants
  7 nagarajas
  An emperor scorpion (shapeshifter) (Vaults:5)
  A draconian shifter (Zot:1)
  17 vault wardens
  8 fire giants
  2 ghost moths
  A balrug (Depths:1)
  Louise (D:13)
  2 draconian scorchers
  9 iron dragons
  5 spriggan defenders
  2 orc warlords
  20 very ugly things
  2 draconian stormcallers
  2 draconian annihilators (Zot:5)
  2 formless jellyfish
  A demonspawn corrupter (D:10)
  3 cacodemons
  10 ironbound preservers
  A reaper (D:10)
  11 ironbound thunderhulks
  18 stone giants
  5 green draconians
  A quicksilver ooze (Lair:4)
  A deep elf demonologist (Vaults:3)
  3 vampire knights (Depths:2)
  3 war gargoyles
  5 bunyips
  8 black draconians
  A lorocyproca (Depths:2)
  3 eleionomae (Swamp:2)
  A deep elf annihilator (Vaults:5)
  2 yellow draconians
  3 dire elephants
  5 red draconians
  13 purple draconians
  4 blizzard demons
  3 white draconians
  2 green deaths
  Snorg (D:13)
  2 spark wasps
  11 ettins
  3 crystal guardians
  An eidolon (Vaults:1)
  4 entropy weavers
  15 fire dragons
  14 yaktaur captains
  3 deep elf high priests (Vaults:5)
  4 shambling mangroves (Swamp:4)
  6 great orbs of eyes
  14 ice dragons
  32 vault guards
  15 hydras
  5 rakshasas
  Erolcha (D:10)
  2 peacekeepers (Vaults:4)
  4 ogre magi
  4 spriggan air magi
  Fannar (Lair:1)
  10 alligators
  2 hell beasts (Depths:1)
  4 ghost crabs
  A satyr (Lair:5)
  2 centaur warriors
  7 anacondas
  6 catoblepae
  4 ironbound frosthearts
  2 dancing weapons
  17 two-headed ogres
  5 alligator snapping turtles (Snake:3)
  A death knight (D:14)
  4 boulder beetles
  8 deep troll shamans
  8 death yaks
  3 occultists
  10 deep troll earth magi
  10 tengu warriors
  3 vampire magi
  8 shock serpents
  10 naga sharpshooters
  5 soul eaters
  10 naga warriors
  Urug (Lair:3)
  7 spriggan berserkers
  A hell knight (Depths:2)
  A skyshark (shapeshifter) (Vaults:5)
  5 skysharks
  A sun demon (Depths:3)
  7 iron trolls
  3 goliath frogs
  A skeletal warrior (D:14)
  3 sixfirhies
  A titan skeleton (Vaults:5)
  A death drake (shapeshifter) (Vaults:5)
  2 sea snakes (Snake:3)
  Lodul (D:12)
  A sea snake (shapeshifter) (Depths:3)
  42 deep trolls
  3 spriggan druids (Swamp:4)
  3 salamander mystics
  3 flayed ghosts
  4 naga ritualists
  3 bog bodies
  A deep troll (shapeshifter) (Vaults:5)
  4 arcanists
  A shadow demon (D:10)
  4 glowing orange brains
  8 necromancers
  3 swamp dragons (Swamp:4)
  An orb spider (shapeshifter) (Depths:2)
  An orc knight (Bailey)
  3 obsidian statues
  14 ironbound convokers
  7 mana vipers
  A spectral hydra (Swamp:4)
  7 lindwurms
  4 deep elf pyromancers
  4 harpies (Vaults:2)
  3 cyclopes
  23 moths of wrath
  50 ugly things
  A faun (Lair:5)
  4 manticores
  A human zombie (Vaults:5)
  3 will-o-the-wisps
  A tengu skeleton (Vaults:5)
  4 oklob plants
  3 orc sorcerers (Orc:2)
  7 salamanders
  A salamander (shapeshifter) (Depths:4)
  A centaur zombie (D:15)
  18 elephants
  A meliai (shapeshifter) (D:14)
  12 vault sentinels
  A black mamba (shapeshifter) (Vaults:5)
  3 water nymphs (shapeshifter)
  3 meliai (D:13)
  A human skeleton (Vaults:3)
  3 guardian serpents
  28 black mambas
  3 kobold blastminers (Orc:2)
  2 gargoyles
  2 orange demons (Depths:1)
  3 smoke demons
  Maggie (D:7)
  17 naga magi
  5 rust devils
  11 cane toads
  An unseen horror (D:13)
  A hellion (Depths:1)
  9 freezing wraiths
  2 rime drakes
  An unseen horror (shapeshifter) (Vaults:5)
  9 komodo dragons
  2 centaur skeletons (D:15)
  An efreet (D:15)
  A kobold demonologist (D:10)
  2 tengu conjurers
  40 yaktaurs
  A yaktaur (shapeshifter) (Depths:4)
  A hellwing (Depths:1)
  2 tormentors
  2 ice devils
  A queen bee (shapeshifter) (D:15)
  A hydra zombie (Swamp:4)
  3 death drake zombies (Swamp:4)
  A merfolk (shapeshifter) (Depths:2)
  6 trolls
  2 bloated husks
  A merfolk (Vaults:3)
  2 death drake skeletons (Swamp:4)
  A hydra skeleton (Swamp:4)
  An ettin zombie (Vaults:3)
  16 hornets
  A glass eye (shapeshifter) (Depths:3)
  15 blink frogs
  A snapping turtle (shapeshifter) (Vaults:5)
  A tarantella (Vaults:4)
  10 tyrant leeches
  Prince Ribbit (D:5)
  A stone giant simulacrum (Vaults:3)
  A dream sheep (Lair:5)
  5 glass eyes
  A snapping turtle (Snake:3)
  31 slime creatures
  2 human simulacra
  3 wyverns
  A shadow (D:11)
  A ynoxinul (Depths:1)
  5 spriggans
  A vampire (D:12)
  4 wraiths
  A human (Snake:3)
  4 redbacks (Vaults:4)
  7 wargs
  39 yaks
  A neqoxec (Depths:1)
  14 vampire mosquitoes
  Grum (D:10)
  A steam dragon (D:9)
  3 basilisks
  21 swamp worms
  50 nagas
  12 water moccasins
  3 hell hounds (D:2)
  2 hydra simulacra (Swamp:4)
  A sky beast (D:6)
  2 ice beasts
  18 orc warriors
  3 swamp dragon zombies (Swamp:4)
  4 swamp drakes (Swamp:4)
  28 ogres
  3 black bears
  12 wolves
  6 centaurs
  2 phantoms
  2 kobold brigands
  18 bullfrogs
  A scorpion (Lair:1)
  3 wights (D:10)
  8 killer bees
  4 electric eels
  4 howler monkeys
  A bombardier beetle (D:4)
  A quasit (D:10)
  4 hounds
  10 jellies
  10 orc priests
  17 iguanas
  Ijyb (D:3)
  Natasha (D:3)
  2 hell rats (Lair:5)
  2 sleepcaps
  21 orc wizards
  Robin (D:4)
  3 adders
  12 gnolls
  A shadow imp (D:7)
  A white imp (D:6)
  2 ufetubi (D:6)
  2 dart slugs
  66 orcs
  A bat (D:1)
  3 endoplasms
  5 giant cockroaches
  32 goblins
  19 hobgoblins
  4 jackals (D:4)
  3 quokkas
  2 ball pythons
  17 frilled lizards
  20 kobolds
  3 rats
  An aspiring flesh (Zot:5)
  14 butterflies (Vaults:4)
1776 creatures vanquished.

Vanquished Creatures (collateral kills)
  A fire giant (Vaults:5)
  A draconian scorcher (Depths:4)
  An orc warlord (Bailey)
  A vault guard (Vaults:5)
  An ugly thing (D:13)
  An orc sorcerer (Orc:2)
  3 elephants (Lair:5)
  3 dream sheep (Lair:5)
  A slime creature (Vaults:2)
  A yak (Lair:5)
  A naga (Snake:1)
  2 water moccasins
  5 orc warriors
  An ice beast (D:5)
  An ogre (Orc:1)
  A bombardier beetle (D:5)
  2 hounds (D:5)
  2 orc priests (Orc:1)
  A gnoll bouda (D:5)
  An iguana (D:5)
  2 orc wizards (Orc:1)
  3 hell rats (Lair:5)
  3 gnolls (D:5)
  9 orcs
  A hobgoblin (Bailey)
49 creatures vanquished.

Vanquished Creatures (others)
  A draconian knight (Zot:3)
  4 dancing weapons
  A naga warrior (Snake:1)
  A spectral hydra (Swamp:4)
  A kobold demonologist (D:14)
  2 bloated husks
  A vampire mosquito (D:14)
  A swamp worm (Swamp:1)
  2 orcs (Orc:2)
  A frilled lizard (Lair:1)
  18 foxfires (Swamp:2)
33 creatures vanquished.

Grand Total: 1858 creatures vanquished

Notes
Turn   | Place    | Note
-------+----------+-------------------------------------------
     0 | D:1      | NoAnimeNoLife the Felid Chaos Knight began the quest for
                  | the Orb.
     0 | D:1      | Reached XP level 1. HP: 12/12 MP: 2/2
   228 | D:1      | Reached skill level 1 in Stealth
   229 | D:1      | XOM: silly message
   373 | D:1      | XOM: 2-stop teleportation journey
   380 | D:1      | Reached XP level 2. HP: 16/16 MP: 3/3
   383 | D:1      | XOM: give mutations
   383 | D:1      | Gained mutation: You are partially covered in large bone
                  | plates. (SH +4) [Xom's grace]
   383 | D:1      | Gained mutation: You are somewhat resistant to further
                  | mutation. [Xom's grace]
   383 | D:1      | Gained mutation: You have a pair of small horns on your
                  | head. [Xom's grace]
   383 | D:1      | Gained mutation: Your muscles are strong. (Str +4, Int/Dex
                  | -1) [Xom's grace]
   454 | D:1      | XOM: god gift: book of Unlife
   701 | D:2      | XOM: cast spell 'Metabolic Englaciation'
   719 | D:2      | Reached XP level 3. HP: 18/20 MP: 4/4
  1005 | D:2      | XOM: chaos upgrade
  1110 | D:2      | XOM: give mutation
  1110 | D:2      | Gained mutation: You have a pair of horns on your head.
                  | [Xom's mischief]
  1193 | D:2      | XOM: 2-stop teleportation journey
  1699 | D:3      | Noticed Ijyb
  1794 | D:3      | XOM: give mutation
  1794 | D:3      | Gained mutation: You possess an exceptional clarity of
                  | mind. [Xom's mischief]
  1886 | D:3      | Paralysed by Ijyb for 2 turns
  1917 | D:3      | Killed Ijyb
  1918 | D:3      | Reached XP level 4. HP: 24/24 MP: 5/5
  1918 | D:3      | Gained a life (2 lives remaining)
  2003 | D:3      | Noticed Natasha
  2003 | D:3      | XOM: 1-stop teleportation journey
  2004 | D:3      | Killed Natasha
  2065 | D:3      | XOM: divination: detect items
  2153 | D:3      | XOM: smoke on damage
  2156 | D:3      | XOM: enchant monster (good)
  2219 | D:3      | XOM: god gift: +6 trident of flaming
  2428 | D:3      | Reached XP level 5. HP: 24/28 MP: 6/6
  2433 | D:3      | Reached skill level 5 in Dodging
  2487 | D:3      | Noticed an ogre
  2495 | D:3      | Killed an ogre
  2606 | D:3      | XOM: stat loss: -1 Dex (22/23)
  2622 | D:3      | XOM: draining
  2770 | D:4      | XOM: 2-stop teleportation journey
  2816 | D:4      | XOM: 2-stop teleportation journey
  2827 | D:4      | Gained mutation: You are covered in thick fur. (AC +2)
                  | [Felid growth]
  2827 | D:4      | Reached XP level 6. HP: 27/29 MP: 7/7
  2926 | D:4      | XOM: divination: detect creatures
  2951 | D:4      | Reached skill level 5 in Stealth
  3120 | D:4      | Noticed Robin
  3129 | D:4      | XOM is BORED!
  3129 | D:4      | XOM: chaos upgrade
  3237 | D:4      | Killed Robin
  3257 | D:4      | XOM: polymorph goblin -> bombardier beetle
  3260 | D:4      | Reached skill level 5 in Unarmed Combat
  3595 | D:5      | Entered Level 5 of the Dungeon
  3601 | D:5      | Noticed Prince Ribbit
  3606 | D:5      | Killed Prince Ribbit
  3607 | D:5      | Reached XP level 7. HP: 36/36 MP: 8/8
  3749 | D:5      | Found a transporter.
  3752 | D:5      | Found a transporter.
  3752 | D:5      | Noticed leebro123's ghost (novice GrEE)
  3789 | D:5      | Reached XP level 8. HP: 40/40 MP: 9/9
  3913 | D:5      | Found a snail-covered altar of Cheibriados.
  4027 | D:5      | XOM: cast spell 'Metabolic Englaciation'
  4160 | D:6      | XOM: divination: detect items
  4180 | D:6      | XOM: god gift: 23 gold pieces
  4190 | D:6      | XOM: cloud trail
  4399 | D:6      | Reached skill level 10 in Dodging
  4452 | D:6      | You fall into a shaft and drop 1 floor!
  4458 | D:7      | Found a staircase to the Ecumenical Temple.
  4473 | D:7      | XOM: silly message
  4684 | D:7      | XOM: noise
  4740 | D:7      | Noticed Maggie
  4745 | D:7      | XOM: confuse monster(s)
  4749 | D:7      | Killed Maggie
  4750 | D:7      | Reached XP level 9. HP: 44/44 MP: 10/10
  4815 | D:7      | Found a flagged portal.
  4834 | Bailey   | Entered a bailey
  5166 | Bailey   | XOM: noise
  5271 | Bailey   | Noticed an orc warlord
  5278 | Bailey   | XOM: cast spell 'Summon Hydra'
  5286 | Bailey   | Killed an orc warlord
  5287 | Bailey   | Reached skill level 2 in Shapeshifting
  5301 | Bailey   | Reached skill level 3 in Shapeshifting
  5310 | Bailey   | Noticed an orc knight
  5311 | Bailey   | XOM: noise
  5327 | Bailey   | XOM: summons 4 friendly demons
  5353 | Bailey   | Killed an orc knight
  5354 | Bailey   | Reached XP level 10. HP: 49/49 MP: 11/11
  6131 | Bailey   | Reached skill level 4 in Shapeshifting
  6359 | D:7      | Acquired the ring "Hoacsiatt" {rPois rF+}
  6490 | D:7      | XOM: scenery: summon butterflies
  6511 | D:7      | Reached skill level 5 in Shapeshifting
  6831 | D:6      | XOM: summons 4 hostile demons
  7059 | D:7      | XOM: god gift: 2 curare-tipped darts
  7119 | D:7      | XOM: swap monsters
  7899 | D:8      | Reached skill level 6 in Shapeshifting
  7902 | D:8      | Noticed a death yak
  8400 | D:8      | Noticed a death yak
  8401 | D:8      | Found a staircase to the Lair.
  8401 | D:8      | Noticed a death yak
  8406 | D:9      | Found Heery Veass's Vocational Training.
  8417 | D:9      | XOM: summons 1 hostile demon
  8456 | D:9      | XOM: enchant monster (bad)
  8550 | D:9      | XOM: stat loss: -1 Str (11/12)
  8726 | D:9      | Noticed a two-headed ogre
  8731 | D:9      | XOM: summons 4 friendly demons
  8744 | D:9      | XOM: 1-stop teleportation journey
  8778 | D:9      | XOM: chaos upgrade
  8784 | D:9      | Killed a two-headed ogre
  8785 | D:9      | Reached skill level 7 in Shapeshifting
  9068 | D:9      | Found Qoah Kuytt's Tiny Tomes.
  9147 | D:9      | XOM: summons 6 hostile demons
  9235 | D:10     | Entered Level 10 of the Dungeon
  9350 | D:10     | XOM: summons 6 hostile demons
  9485 | D:10     | Noticed Erolcha
  9497 | D:10     | Killed Erolcha
  9498 | D:10     | Reached skill level 8 in Shapeshifting
  9498 | D:10     | Reached XP level 11. HP: 51/52 MP: 12/12
  9672 | D:10     | Found a staircase to the Orcish Mines.
  9672 | D:10     | XOM: 7-stop teleportation journey
  9917 | D:10     | XOM: summons 1 hostile demon
 10120 | D:10     | Noticed Grum
 10128 | D:10     | Killed Grum
 10544 | D:11     | XOM: stealth player
 10556 | D:11     | Reached skill level 9 in Shapeshifting
 10572 | D:11     | Found Esa Vami's Overcharged Wands.
 10680 | D:11     | XOM: cloud trail
 10918 | D:11     | XOM: cloud trail
 11373 | D:11     | XOM: repel stairs
 11374 | D:11     | XOM: confuse monster(s)
 11383 | D:11     | XOM: give mutations
 11383 | D:11     | Gained mutation: You are partially covered in iridescent
                  | scales. (AC +2) [Xom's mischief]
 11383 | D:11     | Lost mutation: You have a pair of horns on your head.
                  | [Xom's mischief]
 11648 | D:11     | XOM: enchant monster (good)
 11676 | D:11     | XOM: cloud trail
 11773 | D:11     | XOM: give mutations
 11773 | D:11     | Lost mutation: You possess an exceptional clarity of mind.
                  | [Xom's mischief]
 11773 | D:11     | Lost mutation: Your muscles are strong. (Str +4, Int/Dex
                  | -1) [Xom's mischief]
 11773 | D:11     | Gained mutation: You are weak. (Str -2) [Xom's mischief]
 11773 | D:11     | Gained mutation: You are agile. (Dex +4, Str/Int -1) [Xom's
                  | mischief]
 11776 | D:11     | Lost mutation: You are partially covered in iridescent
                  | scales. (AC +2) [potion of mutation]
 11776 | D:11     | Lost mutation: You have a pair of small horns on your head.
                  | [potion of mutation]
 11776 | D:11     | Lost mutation: You are weak. (Str -2) [potion of mutation]
 11807 | D:11     | XOM: god gift: curved bronze wand {god gift}
 11868 | D:12     | Reached skill level 10 in Shapeshifting
 12153 | D:8      | XOM: noise
 12167 | D:7      | XOM: divination: detect items
 12171 | D:7      | XOM: potion effect (brilliance)
 12179 | D:7      | Killed a death yak
 12624 | D:7      | Killed a death yak
 13479 | D:8      | XOM: god gift: 52 gold pieces
 13491 | D:8      | XOM: stat loss: -1 Dex (29/30)
 13500 | Lair:1   | Entered Level 1 of the Lair of Beasts
 13515 | Lair:1   | Found a shimmering altar of Xom.
 13515 | Lair:1   | Noticed an oklob plant
 13641 | Lair:1   | XOM: silly message
 13694 | Lair:1   | XOM: confusion
 14084 | Lair:1   | XOM: 1-stop teleportation journey
 14105 | Lair:1   | XOM: potion effect (brilliance)
 14115 | Lair:1   | XOM: potion effect (might)
 14133 | Lair:1   | Noticed Fannar
 14138 | Lair:1   | XOM: silly message
 14139 | Lair:1   | XOM: potion effect (might)
 14140 | Lair:1   | XOM: silly message
 14142 | Lair:1   | XOM: smoke on damage
 14144 | Lair:1   | Killed Fannar
 14145 | Lair:1   | Gained mutation: Your thick and shaggy fur keeps you warm.
                  | (AC +3, rC+) [Felid growth]
 14145 | Lair:1   | Reached XP level 12. HP: 54/58 MP: 13/13
 14343 | Lair:1   | Reached skill level 5 in Fighting
 14555 | Lair:1   | XOM: divination: magic mapping
 14787 | Lair:1   | XOM: silly message
 14800 | Lair:1   | XOM: potion effect (brilliance)
 15920 | Lair:2   | XOM: noise
 15931 | Lair:1   | XOM: enchant monster (bad)
 15947 | Lair:2   | XOM: enchant monster (bad)
 16032 | Lair:2   | Found a gate leading to a gauntlet.
 16041 | Gauntlet | Entered a Gauntlet
 16041 | Gauntlet | Found a transporter.
 16060 | Gauntlet | XOM: summons 4 hostile shadow creatures
 16246 | Gauntlet | Found a transporter.
 16257 | Gauntlet | Found a transporter.
 16258 | Gauntlet | Found a transporter.
 16266 | Gauntlet | Found a transporter.
 16269 | Gauntlet | Found a transporter.
 16269 | Gauntlet | Found the +3 pair of gauntlets of War {Slay+5}
 16270 | Gauntlet | Found a transporter.
 16279 | Gauntlet | Found a transporter.
 16282 | Gauntlet | Found a transporter.
 16283 | Gauntlet | Found a transporter.
 16291 | Gauntlet | Found a transporter.
 16291 | Gauntlet | Noticed a quicksilver ooze
 16294 | Gauntlet | Found a transporter.
 16295 | Gauntlet | Found a transporter.
 16301 | Gauntlet | Found a runed translucent gate.
 16303 | Gauntlet | Found a runed translucent gate.
 16303 | Gauntlet | Found a transporter.
 16304 | Gauntlet | Noticed a cacodemon
 16305 | Gauntlet | Found a runed translucent gate.
 16563 | Lair:2   | XOM: give mutations
 16563 | Lair:2   | Lost mutation: You are somewhat resistant to further
                  | mutation. [Xom's mischief]
 16563 | Lair:2   | Gained mutation: Your flesh is cold resistant. (rC+) [Xom's
                  | mischief]
 16563 | Lair:2   | Gained mutation: You expend magic power (3 MP) to
                  | strengthen your wands. [Xom's mischief]
 16680 | Lair:2   | XOM: noise
 16754 | Lair:2   | XOM: noise
 16764 | Lair:2   | Noticed a six-headed hydra
 16769 | Lair:2   | XOM: 3-stop teleportation journey
 16843 | Lair:2   | XOM: blink monster(s)
 16894 | Lair:2   | XOM: polymorph wolf -> dart slug
 17005 | Lair:2   | XOM: summons 1 hostile shadow creature
 17181 | Lair:1   | XOM: swap monsters
 17195 | Lair:1   | XOM: cast spell 'Death Channel'
 17216 | Lair:1   | XOM: stat loss: -1 Dex (30/31)
 17217 | Lair:1   | XOM: potion effect (invisibility)
 17221 | Lair:1   | XOM: smoke on damage
 17226 | Lair:1   | HP: 2/74 [death yak (15)]
 17231 | Lair:1   | XOM: potion effect (invisibility)
 17237 | Lair:1   | Killed a death yak
 17364 | Lair:1   | XOM: silly message
 17432 | Lair:1   | XOM: give mutations
 17432 | Lair:1   | Gained mutation: You have a somewhat thin skeletal
                  | structure. (Dex +2, Stealth+) [Xom's mischief]
 17432 | Lair:1   | Gained mutation: Your natural rate of healing is unusually
                  | fast. [Xom's mischief]
 17432 | Lair:1   | Gained mutation: You are very agile. (Dex +8, Str/Int -2)
                  | [Xom's mischief]
 17432 | Lair:1   | Lost mutation: Your natural rate of healing is unusually
                  | fast. [Xom's mischief]
 17563 | Lair:1   | XOM: confuse monster(s)
 17566 | Lair:1   | XOM: noise
 17762 | D:8      | Found a glowing silver altar of Zin.
 17762 | D:8      | Found a glowing golden altar of the Shining One.
 17762 | D:8      | Found a white marble altar of Elyvilon.
 18092 | D:9      | Bought a manual of Evocations for 1040 gold pieces
 18196 | Lair:2   | XOM: summons 2 friendly demons
 18200 | Lair:2   | Reached skill level 1 in Evocations
 18201 | Lair:2   | XOM: scenery: create altars
 18415 | Lair:2   | Reached skill level 5 in Evocations
 18472 | Lair:2   | Found a staircase to the Swamp.
 18601 | Lair:2   | XOM: give mutations
 18601 | Lair:2   | Lost mutation: You are very agile. (Dex +8, Str/Int -2)
                  | [Xom's mischief]
 18601 | Lair:2   | Lost mutation: You are agile. (Dex +4, Str/Int -1) [Xom's
                  | mischief]
 18608 | Lair:2   | Noticed a death yak
 18609 | Lair:2   | Noticed a death yak
 18610 | Lair:2   | Noticed a death yak
 18610 | Lair:2   | Noticed a death yak
 18611 | Lair:2   | Noticed a death yak
 18714 | Lair:3   | Found a staircase to the Snake Pit.
 18786 | Lair:3   | XOM: 6-stop teleportation journey
 18845 | Lair:3   | Found a hide-covered altar of Uskayaw.
 18885 | Lair:3   | Noticed Urug
 18898 | Lair:3   | Killed Urug
 18969 | Lair:3   | XOM: 3-stop teleportation journey
 19457 | Lair:4   | XOM: stealth player
 19486 | Lair:3   | XOM: god gift: wand of flame (7)
 19516 | Lair:3   | Identified the amulet "Zuriy" {^Contam +Blink Regen+ rCorr}
                  | (Xom gifted it to you on level 3 of the Lair of Beasts)
 19516 | Lair:3   | XOM: god gift: amulet "Zuriy" {^Contam +Blink Regen+ rCorr}
 19534 | Lair:3   | XOM: fog
 19535 | Lair:3   | XOM: polymorph elephant -> slime creature
 19570 | Lair:3   | XOM: summons friendly crimson imp
 19584 | Lair:3   | Reached skill level 10 in Evocations
 19670 | Lair:4   | XOM: 2-stop teleportation journey
 19676 | Lair:4   | Found a staircase to the Slime Pits.
 19705 | Lair:4   | Noticed a catoblepas
 19715 | Lair:4   | HP: 3/75 [catoblepas (24)]
 19715 | Lair:4   | XOM: butterfly on damage
 19875 | Lair:4   | Noticed a quicksilver ooze
 19878 | Lair:4   | Killed a quicksilver ooze
 19879 | Lair:4   | Reached XP level 13. HP: 67/67 MP: 14/14
 19884 | Lair:4   | XOM: 4-stop teleportation journey
 20207 | Lair:4   | XOM: noise
 20476 | Lair:4   | XOM: stat loss: -1 Dex (28/29)
 20524 | Lair:4   | XOM is BORED!
 20524 | Lair:4   | XOM: give mutation
 20524 | Lair:4   | Gained mutation: Your flesh is heat resistant. (rF+) [Xom's
                  | mischief]
 20681 | Lair:5   | Entered Level 5 of the Lair of Beasts
 20881 | Lair:5   | XOM: 1-stop teleportation journey
 20888 | Lair:5   | XOM: 2-stop teleportation journey
 20972 | Lair:5   | XOM: confusion
 20983 | Lair:5   | XOM: noise
 20984 | Lair:5   | XOM: fake destruction
 20987 | Lair:5   | XOM: 3-stop teleportation journey
 21051 | Lair:5   | XOM: chaos cloud
 21223 | Lair:5   | XOM: summons 5 hostile demons
 21239 | Lair:5   | XOM: give mutations
 21239 | Lair:5   | Lost mutation: Your flesh is heat resistant. (rF+) [Xom's
                  | mischief]
 21239 | Lair:5   | Lost mutation: You have a somewhat thin skeletal structure.
                  | (Dex +2, Stealth+) [Xom's mischief]
 21239 | Lair:5   | Gained mutation: Potions are less effective at restoring
                  | your health. [Xom's mischief]
 21398 | Lair:5   | XOM: confusion
 21402 | Lair:5   | XOM: give mutations
 21402 | Lair:5   | Lost mutation: You expend magic power (3 MP) to strengthen
                  | your wands. [Xom's mischief]
 21402 | Lair:5   | Gained mutation: You are dopey. (Int -2) [Xom's mischief]
 21402 | Lair:5   | Lost mutation: You are partially covered in large bone
                  | plates. (SH +4) [Xom's mischief]
 21402 | Lair:5   | Gained mutation: You are clumsy. (Dex -2) [Xom's mischief]
 21424 | Lair:5   | XOM: polymorph elephant -> faun
 21428 | Lair:5   | XOM: 1-stop teleportation journey
 21549 | Lair:4   | XOM: give mutation
 21549 | Lair:4   | Gained mutation: You are occasionally teleported next to
                  | monsters. [Xom's mischief]
 21552 | Lair:5   | XOM: enchant monster (bad)
 21603 | Lair:5   | XOM: torment (41/80 hp)
 21665 | Lair:5   | Reached skill level 11 in Shapeshifting
 21827 | Lair:5   | XOM: chaos cloud
 21930 | Lair:5   | XOM: confusion
 21934 | Lair:5   | XOM: polymorph yak -> two-headed ogre
 21944 | Lair:5   | XOM: enchant monster (good)
 21999 | Lair:5   | Lost mutation: Your flesh is cold resistant. (rC+) [potion
                  | of mutation]
 21999 | Lair:5   | Lost mutation: You are occasionally teleported next to
                  | monsters. [potion of mutation]
 21999 | Lair:5   | Lost mutation: Potions are less effective at restoring your
                  | health. [potion of mutation]
 21999 | Lair:5   | Gained mutation: Your health recovers twice as slowly from
                  | being drained. [potion of mutation]
 21999 | Lair:5   | Gained mutation: You are partially covered in iridescent
                  | scales. (AC +2) [potion of mutation]
 22000 | Lair:5   | Lost mutation: Your health recovers twice as slowly from
                  | being drained. [potion of mutation]
 22000 | Lair:5   | Lost mutation: You are partially covered in iridescent
                  | scales. (AC +2) [potion of mutation]
 22000 | Lair:5   | Lost mutation: You are clumsy. (Dex -2) [potion of
                  | mutation]
 22000 | Lair:5   | Gained mutation: You are partially covered in iridescent
                  | scales. (AC +2) [potion of mutation]
 22000 | Lair:5   | Gained mutation: You have a pair of small antennae on your
                  | head. [potion of mutation]
 22018 | Lair:5   | XOM: confusion (+ monsters)
 22055 | Lair:5   | XOM: summons friendly crimson imp
 22058 | Lair:5   | XOM: summons 5 friendly demons
 22063 | Lair:5   | XOM: polymorph crimson imp -> chaos spawn
 22081 | Lair:5   | XOM: confuse monster(s)
 22085 | Lair:5   | Reached skill level 10 in Unarmed Combat
 22119 | Lair:5   | XOM: 4-stop teleportation journey
 22229 | Lair:5   | XOM: destruction
 22499 | Lair:5   | XOM: confusion (+ monsters)
 22521 | Lair:5   | XOM: summons 5 friendly demons
 22557 | Lair:5   | XOM: cast spell 'Summon Mana Viper'
 22567 | Lair:5   | XOM: enchant monster (bad)
 22584 | Lair:5   | XOM: silly message
 22599 | Lair:5   | XOM: summons 1 hostile demon
 22788 | Lair:5   | Paralysed by a hornet for 3 turns
 22895 | Lair:5   | XOM: summons 2 hostile demons
 22905 | Lair:5   | XOM: noise
 23084 | Lair:5   | XOM: confusion
 23361 | Lair:5   | XOM: silly message
 23370 | Lair:5   | XOM: confusion (+ monsters)
 23371 | Lair:5   | XOM: noise
 23380 | Lair:5   | Reached skill level 12 in Shapeshifting
 23384 | Lair:5   | Reached XP level 14. HP: 72/72 MP: 15/15
 23471 | Lair:5   | XOM: swap monsters
 23481 | Lair:5   | XOM: polymorph death yak -> satyr
 23502 | Lair:5   | XOM: draining
 23692 | Lair:5   | XOM: stat loss: -1 Dex (32/33)
 23726 | Lair:5   | XOM: confusion
 23880 | Lair:5   | XOM: confusion (+ monsters)
 23966 | Lair:5   | XOM: confusion (+ monsters)
 24026 | Lair:5   | XOM: give mutation
 24026 | Lair:5   | Gained mutation: You have very sharp fingernails. [Xom's
                  | grace]
 24050 | Lair:5   | XOM: enchant monster (bad)
 24491 | D:12     | Noticed Frances
 24505 | D:12     | XOM: scenery: create altars
 24511 | D:12     | Killed Frances
 24711 | D:12     | Noticed Lodul
 24713 | D:12     | XOM: chaos upgrade
 24729 | D:12     | XOM: destruction
 24733 | D:12     | Killed Lodul
 24733 | D:12     | XOM: enchant monster (bad)
 24808 | D:12     | XOM: summons friendly quasit
 24818 | D:12     | XOM: confuse monster(s)
 24820 | D:12     | XOM: enchant monster (good)
 24951 | D:12     | XOM: god gift: potion of degeneration
 25287 | D:13     | HP: 1/86 [meliai/divine providence (13)]
 25291 | D:13     | Demolished by a two-headed ogre
 25291 | D:13     | Lost a life (1 life remaining)
 25472 | Orc:1    | Entered Level 1 of the Orcish Mines
 25544 | Orc:1    | Noticed an orc warlord
 25554 | Orc:1    | Killed an orc warlord
 25849 | Orc:1    | XOM: god gift: cloak {god gift}
 25869 | Orc:2    | Entered Level 2 of the Orcish Mines
 25909 | Orc:2    | Identified the +0 scale mail "Tufiug" {+Inv rF- rC+} (Xom
                  | gifted it to you on level 2 of the Orcish Mines)
 25909 | Orc:2    | XOM: god gift: +0 scale mail "Tufiug" {+Inv rF- rC+}
 25974 | Orc:2    | XOM: 1-stop teleportation journey
 26005 | Orc:2    | Found a staircase to the Elven Halls.
 26016 | Orc:2    | Found Xegetam's Antique Armour Emporium.
 26097 | Orc:2    | XOM: divination: magic mapping
 26231 | Orc:2    | XOM: summons friendly shadow imp
 26242 | Orc:2    | XOM: silly message
 26257 | Orc:2    | Reached skill level 13 in Shapeshifting
 26314 | Orc:2    | XOM: noise
 26331 | Orc:2    | Killed from afar by a neqoxec
 26331 | Orc:2    | Lost a life (0 lives remaining)
 26364 | Orc:2    | XOM: swap monsters
 26365 | Orc:2    | XOM: noise
 26382 | Orc:2    | XOM: noise
 26385 | Orc:2    | XOM: give mutations
 26385 | Orc:2    | Lost mutation: You are partially covered in iridescent
                  | scales. (AC +2) [Xom's mischief]
 26385 | Orc:2    | Gained mutation: You possess an exceptional clarity of
                  | mind. [Xom's mischief]
 26385 | Orc:2    | Gained mutation: You are very dopey. (Int -4) [Xom's
                  | mischief]
 26395 | Orc:2    | XOM: blink monster(s)
 26416 | Orc:2    | XOM: summons friendly ufetubus
 26417 | Orc:2    | XOM: 3-stop teleportation journey
 26571 | Orc:2    | XOM: smoke on damage
 26608 | Orc:2    | XOM: enchant monster (bad)
 26614 | Orc:2    | XOM: silly message
 26616 | Orc:2    | XOM: silly message
 26645 | Orc:2    | XOM: 1-stop teleportation journey
 26828 | Orc:2    | XOM: give mutations
 26828 | Orc:2    | Lost mutation: You are very dopey. (Int -4) [Xom's
                  | mischief]
 26828 | Orc:2    | Gained mutation: You are partially covered in iridescent
                  | scales. (AC +2) [Xom's mischief]
 26887 | Orc:2    | Found Suizautt's General Store.
 26887 | Orc:2    | Found Hienn's Antique Weapon Emporium.
 26903 | Orc:2    | Bought a potion of experience for 650 gold pieces
 26903 | Orc:2    | Reached XP level 15. HP: 75/75 MP: 16/16
 26903 | Orc:2    | Gained a life (1 life remaining)
 26949 | Orc:2    | Found Gidareal's Magic Scroll Shoppe.
 26952 | Orc:2    | XOM: fog
 26966 | Orc:2    | XOM: cast spell 'Summon Horrible Things'
 26978 | Orc:2    | Bought a scroll of acquirement for 624 gold pieces
 26978 | Orc:2    | Acquired a manual of Fighting
 27229 | Orc:1    | XOM: swap monsters
 27232 | Orc:1    | XOM: silly message
 27460 | D:13     | XOM: 3-stop teleportation journey
 27575 | D:13     | Found a transporter.
 27577 | D:13     | Found a transporter.
 27621 | D:13     | Noticed Ecraohen's ghost (journeyman FoFi)
 27632 | D:13     | Found a bloodstained altar of Trog.
 27688 | D:13     | XOM: confuse monster(s)
 27689 | D:13     | XOM: noise
 27784 | D:13     | XOM: divination: detect items
 27793 | D:13     | Reached skill level 14 in Shapeshifting
 27939 | D:14     | XOM: butterfly on damage
 28005 | D:13     | XOM: summons friendly shadow imp
 28007 | D:13     | XOM: cast spell 'Summon Ice Beast'
 28011 | D:13     | Reached XP level 16. HP: 82/82 MP: 17/17
 28011 | D:13     | Gained a life (2 lives remaining)
 28077 | D:14     | XOM: silly message
 28247 | D:13     | XOM: silly message
 28294 | D:14     | XOM: divination: detect items
 28355 | D:14     | XOM: divination: detect items
 28794 | D:14     | Reached skill level 10 in Fighting
 28795 | D:14     | Noticed Louise
 28809 | D:14     | Noticed Snorg
 28820 | D:13     | Killed Snorg
 28821 | D:13     | XOM: divination: magic mapping
 28846 | D:13     | XOM: potion effect (heal wounds)
 28861 | D:13     | Killed Louise
 28885 | D:13     | XOM: scenery: 1 doors close
 28934 | D:14     | Noticed Agnes
 28937 | D:14     | XOM: fake destruction
 28940 | D:14     | Slain by a catoblepas
 28940 | D:14     | Lost a life (1 life remaining)
 29181 | Lair:5   | XOM: enchant monster (good)
 29184 | Lair:5   | XOM: god gift: Xom's Omnibus of Idealism {god gift}
 29217 | Lair:5   | Got Xom's Omnibus of Idealism {god gift}
 29553 | Orc:2    | Bought a wand of iceblast (5) for 156 gold pieces
 29731 | Lair:2   | XOM: divination: detect items
 29774 | Lair:2   | XOM: god gift: 6 datura-tipped darts
 29784 | Lair:2   | XOM: give mutations
 29784 | Lair:2   | Gained mutation: You are strong-willed. (Will+) [Xom's
                  | mischief]
 29784 | Lair:2   | Gained mutation: You occasionally lose the ability to read
                  | scrolls when taking damage. [Xom's mischief]
 29784 | Lair:2   | Lost mutation: You possess an exceptional clarity of mind.
                  | [Xom's mischief]
 29785 | Lair:2   | Lost mutation: You occasionally lose the ability to read
                  | scrolls when taking damage. [potion of mutation]
 29785 | Lair:2   | Lost mutation: You have very sharp fingernails. [potion of
                  | mutation]
 29785 | Lair:2   | Lost mutation: You have a pair of small antennae on your
                  | head. [potion of mutation]
 29860 | Swamp:1  | Entered Level 1 of the Swamp
 30486 | Swamp:2  | XOM: potion effect (brilliance)
 30525 | Swamp:2  | XOM: confuse monster(s)
 30583 | Swamp:2  | XOM: butterfly on damage
 30597 | Swamp:2  | HP: 4/111 [acid (4)]
 30597 | Swamp:2  | Slain by a swamp worm
 30597 | Swamp:2  | Lost a life (0 lives remaining)
 30723 | Swamp:1  | Acquired a manual of Unarmed Combat
 30800 | Swamp:2  | XOM: blink monster(s)
 30801 | Swamp:2  | XOM: divination: detect creatures
 30957 | Swamp:2  | XOM: noise
 30965 | Swamp:2  | XOM: confuse monster(s)
 31118 | Swamp:2  | Noticed a tentacled monstrosity
 31126 | Swamp:2  | XOM: scenery: create altars
 31456 | D:14     | XOM: fog
 31462 | D:14     | Killed Agnes
 31478 | D:14     | Found a gate to the Vaults.
 31487 | D:14     | XOM: divine lightning
 31493 | D:14     | XOM: divination: magic mapping
 31582 | D:14     | Reached skill level 15 in Unarmed Combat
 31661 | D:12     | XOM: god gift: 1003 gold pieces
 31787 | D:14     | XOM: divination: detect creatures
 31792 | D:14     | XOM: cleaving
 31800 | D:14     | XOM: confuse monster(s)
 31927 | D:14     | XOM: god gift: curare-tipped dart
 32185 | D:11     | XOM: give mutations
 32185 | D:11     | Gained mutation: You passively dampen the noise of your
                  | surroundings. [Xom's grace]
 32185 | D:11     | Gained mutation: Your system is resistant to poisons.
                  | (rPois) [Xom's grace]
 32185 | D:11     | Gained mutation: You have an increased reservoir of magic.
                  | (+10% MP) [Xom's grace]
 32248 | D:15     | Entered Level 15 of the Dungeon
 32447 | Lair:2   | XOM: give mutations
 32447 | Lair:2   | Gained mutation: You have a pair of small horns on your
                  | head. [Xom's grace]
 32447 | Lair:2   | Gained mutation: You passively map a small area around you.
                  | [Xom's grace]
 32447 | Lair:2   | Gained mutation: Your flesh is heat resistant. (rF+) [Xom's
                  | grace]
 32447 | Lair:2   | Gained mutation: You have hidden genetic potential. [Xom's
                  | grace]
 32558 | Swamp:2  | Killed a tentacled monstrosity
 32625 | Swamp:2  | XOM: confuse monster(s)
 32730 | Swamp:2  | XOM: cast spell 'Leda's Liquefaction'
 33363 | Swamp:3  | Noticed a thorn hunter
 33501 | Swamp:3  | XOM: cleaving
 33607 | Swamp:3  | XOM: god gift: glowing long sword {god gift}
 33608 | Swamp:3  | XOM: summons friendly ufetubus
 33703 | Swamp:3  | XOM: scenery: create altars
 33882 | Swamp:3  | XOM: silly message
 33955 | Swamp:3  | Killed a thorn hunter
 33980 | Swamp:3  | XOM: divination: magic mapping
 34206 | Swamp:3  | XOM: silly message
 34421 | Swamp:3  | XOM: cloud trail
 34472 | Swamp:4  | Entered Level 4 of the Swamp
 34576 | Swamp:3  | XOM: summons 3 friendly demons
 34648 | Swamp:4  | XOM: fog
 34653 | Swamp:4  | Reached XP level 17. HP: 98/98 MP: 19/19
 34653 | Swamp:4  | Gained a life (1 life remaining)
 34676 | Swamp:4  | XOM: fake destruction
 35209 | Swamp:4  | XOM: give mutations
 35209 | Swamp:4  | Gained mutation: You are mostly covered in iridescent
                  | scales. (AC +4) [Xom's grace]
 35209 | Swamp:4  | Gained mutation: You passively map the area around you.
                  | [Xom's grace]
 35209 | Swamp:4  | Gained mutation: You are agile. (Dex +4, Str/Int -1) [Xom's
                  | grace]
 35209 | Swamp:4  | Gained mutation: You have a somewhat thin skeletal
                  | structure. (Dex +2, Stealth+) [Xom's grace]
 35226 | Swamp:4  | Found a basalt altar of Yredelemnul.
 35226 | Swamp:4  | Found a blossoming altar of Fedhas.
 35226 | Swamp:4  | XOM: 10-stop teleportation journey
 35241 | Swamp:4  | HP: 6/130 [cloud of flame (2)]
 35241 | Swamp:4  | Demolished by a shambling mangrove
 35241 | Swamp:4  | Lost a life (0 lives remaining)
 35243 | Swamp:4  | Reached skill level 15 in Shapeshifting
 35245 | Swamp:4  | XOM: destruction
 35279 | Swamp:4  | Got a decaying rune of Zot
 35324 | Swamp:4  | XOM: scenery: summon butterflies
 35337 | Swamp:4  | XOM: fog
 35444 | Swamp:4  | XOM: divination: detect items
 35502 | Swamp:4  | XOM: divine lightning
 35609 | Snake:1  | Entered Level 1 of the Snake Pit
 35619 | Snake:1  | XOM: summons 2 friendly demons
 35636 | Snake:1  | XOM: polymorph crimson imp -> neqoxec
 35737 | Snake:1  | XOM: divine lightning
 35988 | Snake:1  | XOM: scenery: create altars
 36009 | Snake:1  | XOM: give mutations
 36009 | Snake:1  | Gained mutation: Your spells are a little harder to cast,
                  | but a little more powerful. [Xom's grace]
 36009 | Snake:1  | Gained mutation: You passively map a large area around you.
                  | [Xom's grace]
 36009 | Snake:1  | Lost mutation: You are dopey. (Int -2) [Xom's grace]
 36009 | Snake:1  | Gained mutation: You possess an exceptional clarity of
                  | mind. [Xom's grace]
 36232 | Snake:1  | XOM: scenery: summon butterflies
 36368 | Snake:1  | XOM: god gift: wand of paralysis (4)
 36571 | D:10     | XOM: silly message
 36669 | Orc:2    | Bought a scroll of blinking for 90 gold pieces
 36669 | Orc:2    | Bought a scroll of teleportation for 36 gold pieces
 36781 | D:11     | XOM: torment (72/142 hp)
 36794 | D:11     | Bought a wand of acid (18) for 1134 gold pieces
 36794 | D:11     | Bought a wand of iceblast (18) for 648 gold pieces
 37223 | Snake:2  | XOM: noise
 37337 | Snake:2  | XOM: torment (73/144 hp)
 37530 | Snake:2  | XOM: give mutations
 37530 | Snake:2  | Lost mutation: You passively dampen the noise of your
                  | surroundings. [Xom's mischief]
 37530 | Snake:2  | Lost mutation: Your flesh is heat resistant. (rF+) [Xom's
                  | mischief]
 37591 | Snake:2  | XOM: swap monsters
 37607 | Snake:2  | Acquired a manual of Fighting
 37616 | Snake:2  | XOM: 1-stop teleportation journey
 38158 | Snake:2  | XOM: give mutation
 38158 | Snake:2  | Lost mutation: You are strong-willed. (Will+) [Xom's
                  | mischief]
 38214 | Snake:2  | XOM: give mutations
 38214 | Snake:2  | Lost mutation: You are mostly covered in iridescent scales.
                  | (AC +4) [Xom's mischief]
 38214 | Snake:2  | Lost mutation: You passively map a large area around you.
                  | [Xom's mischief]
 38248 | Snake:2  | Reached skill level 16 in Shapeshifting
 38265 | Snake:2  | Gained mutation: Your flesh is cold resistant. (rC+)
                  | [hidden potential]
 38503 | Snake:3  | Reached skill level 15 in Fighting
 38564 | Snake:3  | XOM: chaos upgrade
 38577 | Snake:3  | XOM: swap monsters
 38712 | Snake:3  | XOM: polymorph naga sharpshooter -> human
 38758 | Snake:3  | XOM: summons 1 hostile demon
 38797 | Snake:3  | XOM: cloud trail
 38823 | Snake:3  | Found a frozen archway.
 38863 | Snake:3  | XOM: enchant monster (bad)
 38959 | Snake:3  | XOM: swap monsters
 38968 | Snake:3  | XOM: draining
 39058 | IceCv    | XOM: noise
 39058 | IceCv    | Entered an ice cave
 39060 | IceCv    | XOM: blink monster(s)
 39189 | Snake:3  | XOM: give mutations
 39189 | Snake:3  | Lost mutation: You have hidden genetic potential. [Xom's
                  | mischief]
 39189 | Snake:3  | Lost mutation: You have a pair of small horns on your head.
                  | [Xom's mischief]
 39189 | Snake:3  | Gained mutation: Your mind is acute. (Int +4, Str/Dex -1)
                  | [Xom's mischief]
 39189 | Snake:3  | Gained mutation: Your mind is very acute. (Int +8, Str/Dex
                  | -2) [Xom's mischief]
 39209 | Snake:3  | XOM: give mutations
 39209 | Snake:3  | Lost mutation: Your system is resistant to poisons. (rPois)
                  | [Xom's mischief]
 39209 | Snake:3  | Lost mutation: You have a somewhat thin skeletal structure.
                  | (Dex +2, Stealth+) [Xom's mischief]
 39400 | Snake:3  | XOM: smoke on damage
 39407 | Snake:3  | Reached XP level 18. HP: 107/107 MP: 20/20
 39407 | Snake:3  | Gained a life (1 life remaining)
 39582 | Snake:3  | XOM: give mutations
 39582 | Snake:3  | Gained mutation: You are weak. (Str -2) [Xom's mischief]
 39582 | Snake:3  | Lost mutation: Your flesh is cold resistant. (rC+) [Xom's
                  | mischief]
 39582 | Snake:3  | Gained mutation: You are vulnerable to cold. (rC-) [Xom's
                  | mischief]
 39611 | Snake:3  | XOM: give mutations
 39611 | Snake:3  | Lost mutation: You are vulnerable to cold. (rC-) [Xom's
                  | mischief]
 39611 | Snake:3  | Lost mutation: You are weak. (Str -2) [Xom's mischief]
 39611 | Snake:3  | Lost mutation: You have an increased reservoir of magic.
                  | (+10% MP) [Xom's mischief]
 39611 | Snake:3  | Gained mutation: You are weak. (Str -2) [Xom's mischief]
 39670 | Snake:4  | Entered Level 4 of the Snake Pit
 39733 | Snake:4  | Found Yroint's Assorted Antiques.
 39748 | Snake:4  | XOM: confuse monster(s)
 39767 | Snake:4  | Bought a scroll of teleportation for 93 gold pieces
 39822 | Snake:4  | XOM: give mutations
 39822 | Snake:4  | Gained mutation: Your flesh is cold resistant. (rC+) [Xom's
                  | grace]
 39822 | Snake:4  | Gained mutation: Your skin changes colour to match your
                  | surroundings (Stealth+). [Xom's grace]
 39822 | Snake:4  | Gained mutation: You are mostly covered in iridescent
                  | scales. (AC +4) [Xom's grace]
 39986 | Snake:4  | Found a gateway to a bazaar.
 39996 | Bazaar   | XOM: noise
 39996 | Bazaar   | Entered a bazaar
 39996 | Bazaar   | Found Dagyomuy's Distillery.
 39996 | Bazaar   | Found Vaeseasi's Antique Armour Boutique.
 40011 | Bazaar   | Found Dehowk's Book Shoppe.
 40016 | Bazaar   | Found Odizaz's Jewellery Emporium.
 40066 | Bazaar   | Found Xatrin's Antique Weapon Emporium.
 40087 | Bazaar   | Bought a potion of curing for 45 gold pieces
 40087 | Bazaar   | Bought a potion of curing for 45 gold pieces
 40123 | Snake:4  | Found Amuf's Weapon Shoppe.
 40148 | Snake:4  | Found Joxag's Antique Armour Emporium.
 40176 | Snake:4  | XOM: enchant monster (good)
 40177 | Snake:4  | XOM: 3-stop teleportation journey
 40300 | Snake:4  | Got the Grimoire of Friendly Location
 40892 | Snake:4  | Reached skill level 17 in Shapeshifting
 41210 | Snake:4  | XOM: summons 3 friendly demons
 41223 | Snake:4  | XOM: chaos upgrade
 41224 | Snake:4  | XOM: potion effect (berserk rage)
 41875 | Snake:4  | Got a serpentine rune of Zot
 42196 | Snake:1  | XOM: god gift: scroll of teleportation
 42440 | D:15     | Found a runed translucent door.
 42545 | D:15     | Found a shadowy altar of Dithmenos.
 42742 | D:15     | XOM: divine lightning
 42755 | D:15     | Found a staircase to the Depths.
 42780 | D:15     | XOM: smoke on damage
 42794 | D:15     | XOM: noise
 43167 | D:15     | Found a shimmering altar of Xom.
 43168 | D:15     | Noticed MainBain's ghost (journeyman MiBe)
 43168 | D:15     | Identified the +6 dire flail "NoAnimeNoLife's Bane" {chaos,
                  | Str+3 Int+2 Dex+3}
 43406 | D:15     | XOM is BORED!
 43406 | D:15     | XOM: silly message
 43456 | Vaults:1 | Entered Level 1 of the Vaults
 43498 | Vaults:1 | XOM: cast spell 'Fugue of the Fallen'
 43502 | Vaults:1 | XOM: silly message
 43510 | Vaults:1 | XOM: silly message
 44007 | Vaults:1 | Reached skill level 18 in Shapeshifting
 44060 | Vaults:1 | XOM: chaos upgrade
 44098 | Vaults:1 | Found Rada's Antique Weapon Shop.
 44120 | Vaults:1 | XOM is BORED!
 44145 | Vaults:1 | XOM: give mutations
 44145 | Vaults:1 | Gained mutation: Your flesh is very cold resistant. (rC++)
                  | [Xom's mischief]
 44145 | Vaults:1 | Gained mutation: You occasionally lose the ability to drink
                  | potions when taking damage. [Xom's mischief]
 44179 | Vaults:1 | XOM: chaos cloud
 44187 | Vaults:1 | XOM: god gift: 2 silver javelins
 44312 | Vaults:1 | Got Sif Muna's Spellbook of the Bouncing Princes
 44337 | Vaults:1 | Noticed a caustic shrike
 44350 | Vaults:1 | Killed a caustic shrike
 44439 | Vaults:1 | Got Sif Muna's Directory of the Geologist
 44491 | Vaults:1 | XOM: give mutation
 44491 | Vaults:1 | Lost mutation: Your skin changes colour to match your
                  | surroundings (Stealth+). [Xom's mischief]
 44636 | Vaults:1 | XOM: scenery: 1 doors close
 44696 | Vaults:1 | XOM: give mutations
 44696 | Vaults:1 | Lost mutation: You are agile. (Dex +4, Str/Int -1) [Xom's
                  | mischief]
 44696 | Vaults:1 | Lost mutation: Your mind is very acute. (Int +8, Str/Dex
                  | -2) [Xom's mischief]
 44741 | Vaults:1 | XOM: chaos upgrade
 44748 | Vaults:1 | Reached XP level 19. HP: 65/112 MP: 20/20
 44748 | Vaults:1 | Gained a life (2 lives remaining)
 44761 | Vaults:1 | XOM: give mutation
 44761 | Vaults:1 | Lost mutation: Your spells are a little harder to cast, but
                  | a little more powerful. [Xom's mischief]
 44934 | Vaults:1 | Noticed a bone dragon
 45122 | Vaults:1 | Reached skill level 15 in Dodging
 45219 | Vaults:2 | Found a staircase to the Crypt.
 45234 | Vaults:2 | XOM: enchant monster (bad)
 45376 | Vaults:2 | XOM: 5-stop teleportation journey
 45463 | Vaults:2 | XOM: potion effect (invisibility)
 45469 | Vaults:2 | XOM: blink monster(s)
 45531 | Vaults:2 | XOM: noise
 45535 | Vaults:2 | XOM: cleaving
 45898 | Vaults:2 | XOM: silly message
 46254 | Vaults:2 | XOM: cast spell 'Summon Dragon'
 46447 | Vaults:2 | XOM: scenery: 2 doors close
 46462 | Vaults:2 | XOM is BORED!
 46462 | Vaults:2 | XOM: summons 1 hostile shadow creature
 46479 | Vaults:2 | XOM: polymorph ice dragon -> raiju
 46598 | Vaults:2 | XOM: give mutations
 46598 | Vaults:2 | Gained mutation: Your body sometimes deteriorates upon
                  | taking damage. [Xom's mischief]
 46598 | Vaults:2 | Lost mutation: Your flesh is very cold resistant. (rC++)
                  | [Xom's mischief]
 46598 | Vaults:2 | Lost mutation: Your flesh is cold resistant. (rC+) [Xom's
                  | mischief]
 46860 | Vaults:3 | Noticed Norris
 46896 | Vaults:3 | XOM: swap monsters
 46991 | Vaults:3 | XOM: enchant monster (bad)
 47071 | Vaults:3 | XOM: summons 6 hostile demons
 47227 | Vaults:3 | Found Ighos's Book Emporium.
 47269 | Vaults:3 | XOM: destruction
 47280 | Vaults:3 | XOM: god gift: condenser vane
 47479 | Vaults:3 | XOM: butterfly on damage
 47479 | Vaults:3 | XOM: smoke on damage
 47716 | Vaults:3 | Noticed Asterion
 47725 | Vaults:3 | Killed Norris
 47727 | Vaults:3 | Killed Asterion
 48120 | Vaults:3 | XOM: fog
 48123 | Vaults:3 | XOM: smoke on damage
 48124 | Vaults:3 | XOM: polymorph ogre mage -> merfolk
 48126 | Vaults:3 | XOM: enchant monster (good)
 48199 | Vaults:3 | XOM: give mutation
 48199 | Vaults:3 | Lost mutation: You are mostly covered in iridescent scales.
                  | (AC +4) [Xom's mischief]
 48581 | Vaults:4 | Reached XP level 20. HP: 120/120 MP: 21/21
 48695 | Vaults:4 | XOM: fog
 49105 | Vaults:4 | Found a huge runed gate.
 49105 | Vaults:4 | Found a huge runed gate.
 49105 | Vaults:4 | Found a huge runed gate.
 49105 | Vaults:4 | Found a huge runed gate.
 49105 | Vaults:4 | Found a huge runed gate.
 49105 | Vaults:4 | Found a huge runed gate.
 49105 | Vaults:4 | Found a huge runed gate.
 49105 | Vaults:4 | Found a huge runed gate.
 49106 | Vaults:4 | Found a huge runed gate.
 49106 | Vaults:4 | Found a huge runed gate.
 49107 | Vaults:4 | Found a huge runed gate.
 49107 | Vaults:4 | Found a huge runed gate.
 49108 | Vaults:4 | Found a huge runed gate.
 49109 | Vaults:4 | Found a huge runed gate.
 49110 | Vaults:4 | Found a huge runed gate.
 49118 | Vaults:4 | Found a huge runed gate.
 49118 | Vaults:4 | Found a huge runed gate.
 49118 | Vaults:4 | Found a huge runed gate.
 49118 | Vaults:4 | Found a huge runed gate.
 49118 | Vaults:4 | Found a huge runed gate.
 49118 | Vaults:4 | Found a huge runed gate.
 49119 | Vaults:4 | Found a huge runed gate.
 49120 | Vaults:4 | Found a huge runed gate.
 49121 | Vaults:4 | Found a huge runed gate.
 49129 | Vaults:4 | Found a huge runed gate.
 49129 | Vaults:4 | Found a huge runed gate.
 49129 | Vaults:4 | Found a huge runed gate.
 49129 | Vaults:4 | Found a huge runed gate.
 49129 | Vaults:4 | Found a huge runed gate.
 49129 | Vaults:4 | Found a huge runed gate.
 49130 | Vaults:4 | Found a huge runed gate.
 49142 | Vaults:4 | Reached skill level 19 in Shapeshifting
 49177 | Vaults:4 | XOM: 1-stop teleportation journey
 49204 | Vaults:4 | XOM: chaos upgrade
 49229 | Vaults:4 | XOM: give mutations
 49229 | Vaults:4 | Lost mutation: Your body sometimes deteriorates upon taking
                  | damage. [Xom's mischief]
 49229 | Vaults:4 | Lost mutation: You possess an exceptional clarity of mind.
                  | [Xom's mischief]
 49229 | Vaults:4 | Lost mutation: You passively map the area around you.
                  | [Xom's mischief]
 49559 | Vaults:4 | XOM: noise
 49563 | Vaults:4 | XOM: smoke on damage
 49565 | Vaults:4 | XOM: noise
 49830 | Vaults:4 | XOM: noise
 49835 | Vaults:4 | HP: 1/180 [war gargoyle/+2 heavy morningstar[a peacekeeper]
                  | (63)]
 49845 | Vaults:4 | Demolished by a war gargoyle
 49845 | Vaults:4 | Lost a life (1 life remaining)
 49896 | Vaults:4 | Found a huge runed gate.
 49897 | Vaults:4 | Found a huge runed gate.
 49905 | Vaults:4 | Found a huge runed gate.
 49905 | Vaults:4 | Found a huge runed gate.
 49905 | Vaults:4 | Found a huge runed gate.
 50843 | Snake:4  | Bought a scroll of poison for 124 gold pieces
 50843 | Snake:4  | Bought a potion of invisibility for 248 gold pieces
 51291 | Vaults:5 | Entered Level 5 of the Vaults
 51342 | Vaults:5 | XOM: confuse monster(s)
 51370 | Vaults:5 | XOM: enchant monster (good)
 51388 | Vaults:5 | Noticed a dread lich
 51389 | Vaults:5 | XOM: summons friendly white imp
 51417 | Vaults:5 | Killed a dread lich
 51418 | Vaults:5 | Reached skill level 20 in Shapeshifting
 51687 | Vaults:5 | Noticed an ancient lich
 51690 | Vaults:5 | XOM: confuse monster(s)
 51698 | Vaults:5 | Killed an ancient lich
 51811 | Vaults:5 | Noticed an ancient lich
 51811 | Vaults:5 | XOM: 6-stop teleportation journey
 51944 | Vaults:5 | Noticed a dread lich
 51944 | Vaults:5 | XOM: 7-stop teleportation journey
 51987 | Vaults:5 | XOM: blink monster(s)
 52041 | Vaults:5 | Lost mutation: You passively map a small area around you.
                  | [potion of mutation]
 52041 | Vaults:5 | Lost mutation: You are partially covered in iridescent
                  | scales. (AC +2) [potion of mutation]
 52041 | Vaults:5 | Lost mutation: You occasionally lose the ability to drink
                  | potions when taking damage. [potion of mutation]
 52041 | Vaults:5 | Gained mutation: You have a pair of small antennae on your
                  | head. [potion of mutation]
 52041 | Vaults:5 | Gained mutation: You are agile. (Dex +4, Str/Int -1)
                  | [potion of mutation]
 52041 | Vaults:5 | Gained mutation: A frigid envelope surrounds you and
                  | freezes all who hurt you. [potion of mutation]
 52100 | Vaults:5 | XOM: potion effect (curing)
 52108 | Vaults:5 | XOM: confusion (+ monsters)
 52161 | Vaults:5 | XOM: summons friendly crimson imp
 52260 | Vaults:5 | XOM: summons friendly ufetubus
 52269 | Vaults:5 | XOM: summons friendly crimson imp
 52475 | Vaults:5 | XOM: confusion (+ monsters)
 52497 | Vaults:5 | XOM: 2-stop teleportation journey
 52507 | Vaults:5 | XOM: silly message
 52543 | Vaults:5 | XOM: fog
 52594 | Vaults:5 | Killed an ancient lich
 52625 | Vaults:5 | Reached skill level 21 in Shapeshifting
 52625 | Vaults:5 | Noticed a dread lich
 52628 | Vaults:5 | XOM: polymorph storm dragon -> shapeshifter
 52630 | Vaults:5 | XOM: confuse monster(s)
 52630 | Vaults:5 | Killed a dread lich
 52665 | Vaults:5 | XOM: divination: detect creatures
 52689 | Vaults:5 | Killed a dread lich
 52690 | Vaults:5 | Reached XP level 21. HP: 91/125 MP: 22/22
 52746 | Vaults:5 | Identified the +3 scale mail of the Hurricane {Fly}
 52804 | Vaults:5 | XOM: polymorph shadow dragon -> frost giant
 52835 | Vaults:5 | XOM: cleaving
 52930 | Vaults:5 | XOM: cleaving
 52991 | Vaults:5 | Identified the +0 mace of Cataclysm {heavy, rPois}
 53126 | Vaults:5 | Identified the +1 ring mail of Hopscotch {Regen+}
 53126 | Vaults:5 | Noticed Mara
 53128 | Vaults:5 | XOM: confuse monster(s)
 53233 | Vaults:5 | Noticed NoAnimeNoLife's illusion
 53236 | Vaults:5 | XOM: enchant monster (good)
 53246 | Vaults:5 | Identified the +3 spear of Guci {freeze, rPois}
 53258 | Vaults:5 | Got the Almanac of Energetic Inhalation
 53271 | Vaults:5 | Noticed Xtahua
 53286 | Vaults:5 | Killed Xtahua
 53288 | Vaults:5 | Identified the staff of Eternal Vigilance {rPois rCorr SInv
                  | Stlth+ Necro Alchemy}
 53329 | Vaults:5 | XOM: noise
 53385 | Vaults:5 | Found the +10 tower shield of Ignorance {rN+ Int-4}
 53472 | Vaults:5 | XOM: summons 2 hostile shadow creatures
 53529 | Vaults:5 | Noticed a dread lich
 53529 | Vaults:5 | XOM: summons 2 friendly demons
 53549 | Vaults:5 | XOM: give mutations
 53549 | Vaults:5 | Lost mutation: You are weak. (Str -2) [Xom's mischief]
 53549 | Vaults:5 | Lost mutation: You have a pair of small antennae on your
                  | head. [Xom's mischief]
 53549 | Vaults:5 | Gained mutation: You passively map a small area around you.
                  | [Xom's mischief]
 53549 | Vaults:5 | Gained mutation: You passively map the area around you.
                  | [Xom's mischief]
 53550 | Vaults:5 | Killed a dread lich
 53608 | Vaults:5 | XOM: cloud trail
 53655 | Vaults:5 | XOM: scenery: create altars
 53978 | Vaults:5 | Reached skill level 22 in Shapeshifting
 54019 | Vaults:5 | XOM: summons 4 friendly demons
 54324 | Vaults:5 | XOM: scenery: create altars
 54376 | Vaults:5 | Identified the staff of the Undead {rF+ Str+2 Summ Fire
                  | Earth}
 54378 | Vaults:5 | Got a silver rune of Zot
 54596 | D:15     | XOM: give mutations
 54596 | D:15     | Gained mutation: You have hidden genetic potential. [Xom's
                  | grace]
 54596 | D:15     | Gained mutation: Your flesh is cold resistant. (rC+) [Xom's
                  | grace]
 54596 | D:15     | Gained mutation: Your flesh is very cold resistant. (rC++)
                  | [Xom's grace]
 54596 | D:15     | Gained mutation: Your system is resistant to poisons.
                  | (rPois) [Xom's grace]
 54608 | Depths:1 | Entered Level 1 of the Depths
 54665 | Depths:1 | XOM: enchant monster (good)
 54695 | Depths:1 | XOM: potion effect (curing)
 54698 | Depths:1 | XOM: summons friendly ufetubus
 54916 | Depths:1 | Found a white marble altar of Elyvilon.
 55020 | Depths:1 | Lost mutation: Your flesh is very cold resistant. (rC++) [a
                  | neqoxec]
 55033 | Depths:1 | XOM: smoke on damage
 55049 | Depths:1 | XOM: silly message
 55052 | Depths:1 | XOM: potion effect (brilliance)
 55054 | Depths:1 | Gained mutation: Your health recovers twice as slowly from
                  | being drained. [a cacodemon]
 55131 | Depths:1 | Found a gateway to Hell.
 55143 | Depths:1 | XOM: potion effect (berserk rage)
 55408 | Depths:1 | XOM: divination: detect creatures
 55446 | Depths:1 | XOM: noise
 55462 | Depths:1 | Reached skill level 23 in Shapeshifting
 55738 | Depths:1 | XOM: torment (95/187 hp)
 55823 | Depths:1 | Found an ornate altar of the Wu Jian Council.
 56074 | Depths:2 | XOM: cleaving
 56075 | Depths:2 | XOM: confuse monster(s)
 56076 | Depths:2 | XOM: polymorph spark wasp -> yaktaur
 56080 | Depths:2 | XOM: potion effect (invisibility)
 56092 | Depths:2 | Found Doifilish's Mail-Order Catalogue.
 56093 | Depths:2 | XOM: divination: magic mapping
 56141 | Depths:2 | XOM: summons friendly ufetubus
 56145 | Depths:2 | XOM: enchant monster (good)
 56233 | Depths:2 | Acquired a manual of Stealth
 56359 | Depths:2 | XOM: give mutations
 56359 | Depths:2 | Lost mutation: Your mind is acute. (Int +4, Str/Dex -1)
                  | [Xom's mischief]
 56359 | Depths:2 | Gained mutation: Your body sometimes deteriorates upon
                  | taking damage. [Xom's mischief]
 56359 | Depths:2 | Lost mutation: A frigid envelope surrounds you and freezes
                  | all who hurt you. [Xom's mischief]
 56473 | Depths:2 | XOM: summons friendly iron imp
 56504 | Depths:2 | Reached skill level 10 in Stealth
 56806 | Depths:2 | Noticed a golden dragon
 56848 | Depths:2 | XOM: silly message
 56951 | Depths:2 | Reached XP level 22. HP: 130/130 MP: 23/23
 56951 | Depths:2 | Gained a life (2 lives remaining)
 56964 | Depths:2 | Killed a golden dragon
 57004 | Depths:2 | Found Ciroih's Book Shoppe.
 57004 | Depths:2 | Found Midym's Jewellery Boutique.
 57005 | Depths:2 | Found Kaamiaca's Book Shoppe.
 57022 | Depths:2 | Bought the ring "Deegal" {rElec rC++ rN+ Slay+3 Stlth+} for
                  | 1070 gold pieces
 57022 | Depths:2 | Bought the ring "Joqehimu" {Will++ EV+5} for 912 gold
                  | pieces
 57072 | Depths:2 | XOM: confusion (+ monsters)
 57092 | Depths:2 | Identified the +5 ring mail of Charity {Rampage Str+2}
 57111 | Depths:2 | XOM: summons friendly shadow imp
 57156 | Depths:2 | XOM: silly message
 57171 | Depths:2 | XOM: blink monster(s)
 57172 | Depths:2 | XOM: summons friendly crimson imp
 57175 | Depths:2 | Noticed a golden dragon
 57177 | Depths:2 | XOM: cast spell 'Dispersal'
 57182 | Depths:2 | XOM: confusion
 57190 | Depths:2 | Identified the +5 dagger of Evolution {elec, rF+ rC+ rN+
                  | rCorr}
 57292 | Depths:2 | XOM: 1-stop teleportation journey
 57298 | Depths:2 | XOM: polymorph occultist -> naga
 57464 | Depths:2 | Noticed a caustic shrike
 57475 | Depths:2 | XOM: enchant monster (bad)
 57483 | Depths:2 | Killed a caustic shrike
 57484 | Depths:2 | Reached skill level 15 in Stealth
 57494 | Depths:2 | XOM: swap monsters
 57503 | Depths:2 | Killed a golden dragon
 57513 | Depths:2 | Gained mutation: You expend magic power (3 MP) to
                  | strengthen your wands. [hidden potential]
 57585 | Depths:2 | XOM: chaos upgrade
 57587 | Depths:2 | XOM: noise
 57622 | Depths:2 | XOM: fog
 57642 | Depths:2 | XOM: enchant monster (good)
 57778 | Depths:2 | XOM: give mutations
 57778 | Depths:2 | Lost mutation: You have hidden genetic potential. [Xom's
                  | mischief]
 57778 | Depths:2 | Lost mutation: Your body sometimes deteriorates upon taking
                  | damage. [Xom's mischief]
 57778 | Depths:2 | Lost mutation: You are agile. (Dex +4, Str/Int -1) [Xom's
                  | mischief]
 57945 | Depths:2 | XOM: torment (109/195 hp)
 57963 | Depths:2 | XOM: cast spell 'Summon Cactus Giant'
 57982 | Depths:2 | XOM: summons 5 friendly demons
 57998 | Depths:2 | Found a one-way gate leading to the halls of Pandemonium.
 58152 | Depths:2 | XOM: scenery: 1 doors close
 58202 | Depths:2 | Reached skill level 24 in Shapeshifting
 58222 | Depths:2 | XOM: 4-stop teleportation journey
 58224 | Depths:2 | XOM: fake destruction
 58227 | Depths:2 | XOM: potion effect (heal wounds)
 58408 | Depths:2 | XOM: silly message
 58469 | Depths:2 | XOM: divination: detect items
 58579 | Depths:2 | XOM: give mutations
 58579 | Depths:2 | Lost mutation: Your flesh is cold resistant. (rC+) [Xom's
                  | mischief]
 58579 | Depths:2 | Gained mutation: You are dopey. (Int -2) [Xom's mischief]
 58579 | Depths:2 | Lost mutation: You expend magic power (3 MP) to strengthen
                  | your wands. [Xom's mischief]
 58579 | Depths:2 | Lost mutation: Your health recovers twice as slowly from
                  | being drained. [Xom's mischief]
 58677 | Depths:3 | XOM: enchant monster (bad)
 58719 | Depths:3 | XOM: give mutation
 58719 | Depths:3 | Gained mutation: You sometimes lose your temper in combat.
                  | [Xom's mischief]
 58837 | Depths:3 | a quicksilver dragon changed into a caustic shrike
 58837 | Depths:3 | Noticed a caustic shrike
 58837 | Depths:3 | XOM: polymorph quicksilver dragon -> caustic shrike
 58852 | Depths:3 | Killed a caustic shrike
 58857 | Depths:3 | XOM: stat loss: -1 Int (14/15)
 58862 | Depths:3 | Noticed a golden dragon
 58883 | Depths:3 | Killed a golden dragon
 58884 | Depths:3 | XOM: chaos upgrade
 59056 | Depths:3 | XOM: noise
 59105 | Depths:3 | Found a one-way gate to the infinite horrors of the Abyss.
 59113 | Depths:3 | Noticed Sojobo
 59115 | Depths:3 | Noticed Mennas
 59182 | Depths:3 | XOM: silly message
 59223 | Depths:3 | XOM: summons friendly iron imp
 59228 | Depths:3 | Killed Sojobo
 59235 | Depths:3 | XOM: summons 2 friendly demons
 59268 | Depths:3 | XOM: summons 9 friendly demons
 59268 | Depths:3 | HP: 9/195 [Mennas/+0 sacred scourge of holy wrath (8)]
 59269 | Depths:3 | Mangled by Mennas
 59269 | Depths:3 | Lost a life (1 life remaining)
 59312 | Depths:3 | Reached XP level 23. HP: 134/134 MP: 24/24
 59378 | Depths:4 | Entered Level 4 of the Depths
 59436 | Depths:4 | XOM: give mutations
 59436 | Depths:4 | Gained mutation: You are somewhat resistant to further
                  | mutation. [Xom's grace]
 59436 | Depths:4 | Gained mutation: You are somewhat resistant to both further
                  | mutation and mutation removal. [Xom's grace]
 59436 | Depths:4 | Lost mutation: You sometimes lose your temper in combat.
                  | [Xom's grace]
 59485 | Depths:3 | XOM: cleaving
 59489 | Depths:3 | XOM: blink monster(s)
 59587 | Depths:3 | XOM: god gift: 34 gold pieces
 59588 | Depths:3 | XOM: summons friendly crimson imp
 59590 | Depths:3 | Killed Mennas
 59648 | Depths:3 | XOM: draining
 59857 | Depths:3 | XOM: scenery: 2 doors open, 1 doors close
 59909 | Depths:3 | Reached skill level 25 in Shapeshifting
 60072 | Depths:3 | XOM: stat loss: -1 Int (14/15)
 60078 | Depths:3 | XOM: enchant monster (good)
 60079 | Depths:3 | Found the +27 heavy crossbow "Sniper" {heavy, Acc+∞ SInv}
 60080 | Depths:3 | Identified the +6 short sword of Gluttony {freeze, rPois
                  | Will+ Str-4 Dex+5}
 60279 | Depths:2 | Bought a manual of Unarmed Combat for 1280 gold pieces
 60334 | Depths:3 | Found a portal to a secret trove of treasure.
 60348 | Depths:3 | XOM: enchant monster (good)
 60780 | Depths:4 | XOM: chaos upgrade
 60782 | Depths:4 | XOM: cast spell 'Iskenderun's Battlesphere'
 60837 | Depths:4 | XOM: enchant monster (good)
 60860 | Depths:4 | XOM: confusion
 60868 | Depths:4 | XOM: chaos upgrade
 60952 | Depths:4 | Found a gate to the Realm of Zot.
 60959 | Depths:4 | XOM: fake destruction
 61020 | Depths:4 | Found a one-way gateway to a ziggurat.
 61149 | Depths:4 | Noticed a caustic shrike
 61158 | Depths:4 | XOM: summons 11 friendly demons
 61162 | Depths:4 | Killed a caustic shrike
 61171 | Depths:4 | Noticed a caustic shrike
 61173 | Depths:4 | Identified the amulet of the Queen {rN+ Regen+ Str+3 Int-4
                  | Stlth+}
 61174 | Depths:4 | Killed a caustic shrike
 61183 | Depths:4 | XOM: noise
 61476 | Depths:4 | XOM: give mutations
 61476 | Depths:4 | Gained mutation: You possess an exceptional clarity of
                  | mind. [Xom's mischief]
 61626 | Depths:4 | XOM: torment (112/201 hp)
 61652 | Depths:4 | XOM: stat loss: -1 Str (19/20)
 61907 | Zot:1    | Entered Level 1 of the Realm of Zot
 61938 | Zot:1    | XOM: silly message
 61952 | Zot:1    | XOM: polymorph storm dragon -> slime creature
 61971 | Zot:1    | XOM: enchant monster (good)
 61971 | Zot:1    | Noticed an ancient lich
 62153 | Zot:1    | XOM: enchant monster (good)
 62208 | Zot:1    | Found a transporter.
 62219 | Zot:1    | Found a radiant altar of Vehumet.
 62233 | Zot:1    | Found a runed translucent door.
 62245 | Zot:1    | XOM: polymorph golden dragon -> dire elephant
 62300 | Zot:1    | XOM: divination: detect creatures
 62491 | Zot:1    | XOM: enchant monster (good)
 62604 | Depths:2 | XOM: 3-stop teleportation journey
 62630 | Depths:2 | XOM: give mutations
 62630 | Depths:2 | Gained mutation: You are partially covered in iridescent
                  | scales. (AC +2) [Xom's grace]
 62630 | Depths:2 | Gained mutation: You are agile. (Dex +4, Str/Int -1) [Xom's
                  | grace]
 62630 | Depths:2 | Gained mutation: You passively map a large area around you.
                  | [Xom's grace]
 62630 | Depths:2 | Lost mutation: You are somewhat resistant to both further
                  | mutation and mutation removal. [Xom's grace]
 62630 | Depths:2 | Lost mutation: You are somewhat resistant to further
                  | mutation. [Xom's grace]
 62630 | Depths:2 | Gained mutation: You have hidden genetic potential. [Xom's
                  | grace]
 62835 | Zot:1    | Noticed NoAnimeNoLife's ghost (veteran DrSh)
 62844 | Zot:1    | XOM: divine lightning
 62855 | Zot:1    | Killed NoAnimeNoLife's ghost
 62878 | Zot:1    | XOM: torment (47/134 hp)
 62896 | Zot:1    | XOM: give mutation
 62896 | Zot:1    | Gained mutation: You are vulnerable to heat. (rF-) [Xom's
                  | mischief]
 62971 | Zot:1    | Noticed a dread lich
 63030 | Zot:2    | Reached XP level 24. HP: 140/140 MP: 24/24
 63190 | Zot:2    | XOM: potion effect (heal wounds)
 63682 | Depths:4 | XOM: god gift: 7 stones
 63754 | Depths:2 | Bought a manual of Dodging for 1280 gold pieces
 64209 | Zot:3    | XOM: silly message
 64303 | Zot:3    | XOM: summons 15 friendly demons
 64325 | Zot:3    | Found the +4 dragonskin cloak
 64325 | Zot:3    | Noticed Tiamat
 64326 | Zot:3    | XOM: summons 2 friendly demons
 64435 | Zot:4    | Noticed Parghit
 64471 | Zot:4    | Killed Parghit
 64707 | Zot:4    | XOM: smoke on damage
 64918 | Zot:4    | Noticed an orb of fire
 64928 | Zot:4    | Gained mutation: You are weak. (Str -2) [an orb of fire]
 64931 | Zot:4    | Killed an orb of fire
 65097 | Zot:5    | Entered Level 5 of the Realm of Zot
 65388 | Zot:5    | XOM: noise
 65537 | Zot:5    | Noticed an ancient lich
 65548 | Zot:5    | Noticed a dread lich
 65552 | Zot:5    | Killed an ancient lich
 65552 | Zot:5    | XOM: confuse monster(s)
 65558 | Zot:5    | Killed a dread lich
 65581 | Zot:5    | XOM: silly message
 65599 | Zot:5    | Noticed an orb of fire
 65605 | Zot:5    | XOM: potion effect (heal wounds)
 65610 | Zot:5    | XOM: potion effect (haste)
 65615 | Zot:5    | Noticed an orb of fire
 65620 | Zot:5    | XOM: potion effect (attraction)
 65622 | Zot:5    | Killed an orb of fire
 65635 | Zot:5    | Noticed a Killer Klown
 65637 | Zot:5    | Killed an orb of fire
 65663 | Zot:5    | Killed a Killer Klown
 65710 | Zot:5    | XOM: silly message
 65772 | Zot:5    | XOM: divination: detect items
 66026 | Zot:5    | XOM: noise
 66045 | Zot:5    | Noticed a dread lich
 66053 | Zot:5    | Killed a dread lich
 66060 | Zot:5    | XOM: scenery: create altars
 66072 | Zot:5    | XOM: swap monsters
 66121 | Zot:5    | Noticed a Killer Klown
 66170 | Zot:5    | Killed a Killer Klown
 66231 | Zot:5    | XOM: potion effect (attraction)
 66267 | Zot:5    | XOM: noise
 66272 | Zot:5    | XOM: summons 2 friendly demons
 66347 | Zot:5    | Noticed an orb of fire
 66361 | Zot:5    | XOM: summons friendly iron imp
 66362 | Zot:5    | XOM: divination: detect creatures
 66366 | Zot:5    | Killed an orb of fire
 66419 | Zot:5    | Reached XP level 25. HP: 137/154 MP: 24/24
 66419 | Zot:5    | Gained a life (2 lives remaining)
 66433 | Zot:5    | Noticed a Killer Klown
 66443 | Zot:5    | Killed a Killer Klown
 66552 | Zot:5    | Got the Orb of Zot
 66558 | Zot:5    | Noticed Maoj Dutoga the pandemonium lord
 66560 | Zot:5    | XOM: butterfly on damage
 66566 | Zot:5    | Killed Maoj Dutoga the pandemonium lord
 66572 | Zot:5    | Noticed Tiuzerph the pandemonium lord
 66574 | Zot:5    | Noticed an orb of fire
 66585 | Zot:5    | XOM: divination: detect creatures
 66604 | Zot:5    | Noticed a dread lich
 66606 | Zot:5    | XOM: polymorph Orb Guardian -> fire giant
 66765 | Depths:3 | Noticed a seraph
 66790 | Depths:3 | XOM: polymorph tormentor -> sixfirhy
 66997 | D:13     | XOM: butterfly on damage
 67000 | D:13     | XOM: swap monsters
 67003 | D:13     | XOM: butterfly on damage
 67077 | D:11     | Noticed Pyxaydiota the pandemonium lord
 67080 | D:11     | XOM: smoke on damage
 67356 | D:$      | Escaped with the Orb!

Illustrated notes

Levels and vault maps discovered:
D:1:      psy_arrival_basics, layout_loops_ring, serial_bayou_lake_a
D:2:      layout_basic, kennysheep_potato
D:3:      layout_basic, uniq_ijyb, uniq_natasha
D:4:      layout_gridville, uniq_robin
D:5:      layout_basic, chei_slow_surprise, gammafunk_ghost_mausoleum,
          uniq_prince_ribbit1
D:6:      layout_loops_ring, kennysheep_generic_room_14
D:7:      minmay_polygon_palace, layout_cave_pools, minmay_temple_entry_wispy,
          enter_bailey_5, chequers_garden, minivault_11, minivault_4,
          uniq_maggie
D:8:      layout_rooms, dreamdust_divine_triumvirate, dpeg_lair_monsters,
          kennysheep_another_room, kennysheep_cluttered_room, hex_medium,
          corner_web_ring
D:9:      layout_big_octagon, nicolae_shop_i_like_small_books_too,
          nicolae_shop_vocational
D:10:     layout_stronghold, orc_0_dummy, minmay_tree_intersection, uniq_grum,
          uniq_erolcha
D:11:     layout_long_grid, nicolae_shop_overcharged_wands
D:12:     layout_loops_ring, uniq_frances, uniq_lodul
D:13:     layout_irregular_city, gammafunk_ghost_wrathful_warriors,
          eino_small_chamber_without_monster
D:14:     layout_small_grid, erik_vaults_1, uniq_louise, uniq_snorg, uniq_agnes
D:15:     grunt_enter_depths_magical_seal, layout_irregular_city,
          ebering_ghost_xom, nicolae_dithmenos_the_darkroom
Lair:1:   lemuel_reptile_caves, layout_cave_pods, lemuel_oklob_altar,
          uniq_fannar
Lair:2:   layout_cave_pods, palyth_hydra_swamp_entry, gauntlet_entry_generic,
          lemuel_fruit_tree
Lair:3:   layout_hall_layers, guppyfry_snake_entry_island, basic_altar,
          uniq_urug
Lair:4:   layout_regular_city, minmay_slime_entry_pillars,
          chequers_serial_rivers_micro_b, nicolae_lair_time_for_slime
Lair:5:   evilmike_catoblepas_cave, layout_gridlike, minivault_25,
          dreamdust_wasp_nest, serial_bayou_shore_a, lemuel_fruit_fields,
          serial_bayou_shore_b
Swamp:1:  layout_basic_swamp, evilmike_swamp_ruin_house_5
Swamp:2:  cheibrodos_swamp_monstrosity, layout_falls_marsh, hangedman_swamp_cone
Swamp:3:  layout_basic_swamp, evilmike_swamp_ruin_house_4, swamp_pool_4,
          nicolae_swamp_fairy_circle
Swamp:4:  byrel_swamp_growth_death_and_undeath, layout_basic_swamp
Snake:1:  layout_basic
Snake:2:  layout_layer_cave, grunt_megastairs_3
Snake:3:  layout_onion, portal_ice_cave_entry_frozen_things,
          nicolae_snake_herptile_family_reunion
Snake:4:  minmay_snake_end_coiled, layout_grid_maze, serial_shops, statue_bzr,
          nicolae_shop_crystal, nicolae_shop_tiny_statue_garden,
          nicolae_shop_statue_plus
Orc:1:    layout_diamond_mine, special_room [special_room_orc]
Orc:2:    st_orc_town, layout_diamond_mine, serial_shops, shop
Vaults:1: ontoclasm_vaults_loading_screen, nicolae_vaults_shrinking_rooms_1,
          v_rooms_3, v_misc_4, nicolae_vaults_tetromino_Z_1,
          nicolae_vaults_cochlea, layout_vaults_big_room, serial_magic_research,
          hangedman_research_thanatology, hangedman_research_probablistics,
          hangedman_research_geology, serial_shops, nicolae_shop_gibbet_a_chance
Vaults:2: nicolae_vaults_oval_intersection, v_misc_33, hangedman_vaults_slice,
          v_misc_5, nicolae_vaults_quartermaster,
          nicolae_vaults_ring_of_whatevers, minmay_crypt_entry_simple_sparse,
          vaults_room_pools, nicolae_vaults_oval_intersection,
          layout_vaults_omnigrid
Vaults:3: ontoclasm_vaults_ring_large, v_misc_26, v_misc_24, st_smaller_cells,
          v_pattern_1, nicolae_vaults_network_square,
          nicolae_vaults_closet_pinwheel_3, v_misc_32,
          hangedman_vaults_variations, ontoclasm_vaults_hangar,
          ontoclasm_vaults_ring_small, grunt_vaults_hallway_short,
          layout_vaults_maze, serial_shops, nicolae_shop_behind_doors,
          uniq_asterion, uniq_norris, uniq_margery
Vaults:4: nicolae_vaults_offset_grid_hallway_4, nicolae_vaults_frosty_reception,
          not_door_vault_mu, nicolae_vaults_sesquioval_fish,
          nicolae_vaults_angled_halls, v_misc_24,
          nicolae_vaults_closet_pinwheel_1, v_rooms_2, vaults_dpeg_spiral,
          nicolae_vaults_heist, ontoclasm_vaults_chip, layout_vaults_big_cross
Vaults:5: uniq_xtahua, uniq_mara
Depths:1: layout_basic, grunt_hell_entry_demonic_statue,
          nzn_wu_jian_council_hall, elyvilon_altar_5
Depths:2: minmay_octagon_city, layout_basic, hangedman_coc_ice_floe,
          grunt_pan_entry_zigzag, minmay_curled_crystal,
          monkooky_shop_mail_order, minmay_staircase_windowed_large,
          minmay_shop_grove
Depths:3: evilmike_diamond_2, layout_gridlike, grunt_pan_entry_sceptre,
          hell_entry, enter_trove_5, hangedman_decor_riveting, abyss_entry,
          minmay_metal_thing, firewood_loft, uniq_mennas, uniq_sojobo
Depths:4: grunt_crosshair, layout_gridville, enter_ziggurat_c,
          hangedman_tar_grid_catacomb, corexii_hall_statues_x, hangedman_aviary
Zot:1:    gammafunk_sealed_library, layout_onion_interference,
          ebering_ghost_reflecting_pool
Zot:2:    layout_misc_corridors, hangedman_zot_decor_tridents,
          lemuel_flame_loot_1
Zot:3:    layout_cellular_growth, uniq_tiamat
Zot:4:    layout_onion_interference,
          regret_index_zotdec_abyssal_contain_seething_sorcery, uniq_parghit
Zot:5:    layout_basic

Skill      XL: |  1  2  3  4  5  6  7  8  9 10 11 12 13 14 15 16 17 18 19 20 21 22 23 24 25 |
---------------+----------------------------------------------------------------------------+-----
Stealth        | 1 2 3 4 5 8 9 10 19 | 19.5
Dodging        | 4 5 7 8 11 12 14 21 23 | 23.6
Unarmed Combat | 4 5 6 8 9 11 13 17 18 22 | 22.8
Shapeshifting  | 3 8 10 12 13 14 16 18 21 23 24 25 | 25.1
Fighting       | 4 7 8 14 16 18 23 | 23.0
Evocations     | 10 14 | 14.7

Action                     |  1- 3 |  4- 6 |  7- 9 | 10-12 | 13-15 | 16-18 | 19-21 | 22-24 | 25-27 || total
---------------------------+-------+-------+-------+-------+-------+-------+-------+-------+-------++-------
  Melee: Unarmed           |    77 |    98 |   205 |   821 |  1072 |  1107 |  1133 |  1185 |    89 ||  5787
         Bite              |     7 |     7 |    24 |    26 |       |   124 |   196 |   119 |       ||   503
         Headbutt          |     5 |    18 |    44 |    58 |       |       |       |       |       ||   125
         Punch             |       |     2 |    13 |     7 |       |   117 |   186 |   206 |    19 ||   550
         Constrict         |       |       |       |   138 |   200 |    55 |       |       |       ||   393
         Tailslap          |       |       |       |       |       |   149 |   253 |   151 |       ||   553
Ability: Evoke Blink       |       |       |       |       |     1 |     2 |       |     2 |       ||     5
         Breathe Fire      |       |       |       |       |       |    35 |     9 |     3 |       ||    47
         Blinkbolt         |       |       |       |       |       |       |       |     4 |     2 ||     6
  Evoke: Wand              |       |     4 |     1 |     8 |    25 |    72 |    39 |    35 |     4 ||   188
         Tin of tremorston |       |       |       |       |       |     3 |     2 |       |       ||     5
    Use: Potion            |    10 |       |     4 |    16 |     7 |     3 |    13 |     8 |     4 ||    65
         Scroll            |     5 |     3 |     1 |    16 |    14 |    15 |    22 |    13 |     1 ||    90
   Stab: Sleeping          |     6 |     8 |     5 |    31 |    10 |    46 |    21 |    34 |       ||   161
         Paralysed         |       |     4 |     1 |     4 |     5 |    19 |     8 |     2 |       ||    43
         Invisible         |       |       |     3 |     4 |       |       |    13 |       |       ||    20
         Distracted        |       |       |       |    11 |     6 |    12 |    11 |     5 |       ||    45
         Petrified         |       |       |       |     4 |     3 |       |     3 |       |       ||    10
         Confused          |       |       |       |     3 |    11 |    13 |     8 |     4 |       ||    39
         Petrifying        |       |       |       |     1 |     1 |       |     1 |     1 |       ||     4
 Armour: Skin              |    16 |    20 |    38 |   275 |   445 |   651 |   501 |   431 |    16 ||  2393
  Dodge: Dodged            |    40 |    64 |   144 |   897 |  1056 |  1017 |   873 |  1287 |    99 ||  5477
  Block: Other             |     7 |    12 |    26 |    42 |       |       |       |       |       ||    87
   Form: Serpent           |       |       |       |     2 |       |       |       |       |       ||     2
                           |       |       |       |     1 |       |     1 |       |       |       ||     2
         Dragon            |       |       |       |       |       |     2 |       |       |       ||     2
         Storm             |       |       |       |       |       |       |       |     1 |       ||     1

Table legend: (Time is in decaauts)
 A = Elapsed time spent in this place.
 B = Non-inter-level travel time spent in this place.
 C = Inter-level travel time spent in this place.
 D = Time resting spent in this place.
 E = Time spent auto-exploring this place.
 F = Levels seen in this place.
 G = Mean time per level.
                   A        B        C        D        E       F      G
               +--------+--------+--------+--------+--------+-----+--------+
         Total |  65900 |  57880 |   8020 |  17116 |  25677 |  48 | 1372.9 |
       Dungeon |  18852 |  15978 |   2874 |   4452 |   7886 |  15 | 1256.8 |
          Lair |  10611 |   8974 |   1637 |   2866 |   3706 |   5 | 2122.2 |
         Swamp |   4435 |   4174 |    261 |   1981 |   1184 |   4 | 1108.8 |
     Snake Pit |   6066 |   5654 |    412 |   1365 |   3090 |   4 | 1516.5 |
  Orcish Mines |   2057 |   1669 |    388 |    310 |    690 |   2 | 1028.5 |
        Vaults |  10181 |   8956 |   1225 |   2448 |   4095 |   5 | 2036.2 |
        Depths |   7778 |   6801 |    977 |   1651 |   3148 |   4 | 1944.5 |
           Zot |   3949 |   3706 |    243 |   1003 |   1603 |   5 |  789.8 |
        Bazaar |    120 |    120 |      0 |      0 |     65 |   1 |  120.0 |
        Bailey |   1365 |   1365 |      0 |    882 |     62 |   1 | 1365.0 |
      Ice Cave |      3 |      3 |      0 |      0 |      0 |   1 |    3.0 |
      Gauntlet |    477 |    477 |      0 |    154 |    148 |   1 |  477.0 |
               +--------+--------+--------+--------+--------+-----+--------+

Top non-repeatable levels by time:
  Lair:1: 3262 daAuts
Vaults:5: 3027 daAuts
  Lair:5: 2848 daAuts
Depths:2: 2655 daAuts
     D:7: 2419 daAuts
Depths:3: 2381 daAuts
 Snake:4: 2344 daAuts
Vaults:4: 1988 daAuts
    D:10: 1900 daAuts
  Lair:4: 1877 daAuts
Vaults:3: 1840 daAuts
     D:8: 1752 daAuts
    D:11: 1709 daAuts
Vaults:1: 1692 daAuts
Vaults:2: 1632 daAuts
